Workbook
Name _GoBack: Transfer!$R$2
Name _Hlk158904852: 'Guidance Notes - English'!$B$201
Name _Hlk158904852: 'Nodiadau Cyfarwyddyd - Cymraeg'!$B$176
Name _Hlk164084634: 'Nodiadau Cyfarwyddyd - Cymraeg'!$B$221
Name _Hlt71430386: 'Guidance Notes - English'!$B$39
Name _Hlt71430386: 'Nodiadau Cyfarwyddyd - Cymraeg'!$B$37
Name _Hlt71430713: 'Guidance Notes - English'!$B$41
Name _NDR3: 'NDR3'!$C$9:$O$89
Name _RV: Details!$B$37:$D$79
Name _RV2: Details!$A$37:$E$79
Name _tab1: Transfer!$A$3:$F$44
Name _Toc100821024: 'Guidance Notes - English'!$B$2
Name _Toc100821024: 'Nodiadau Cyfarwyddyd - Cymraeg'!$B$2
Name _Toc100821025: 'Guidance Notes - English'!$B$3
Name _Toc100821025: 'Nodiadau Cyfarwyddyd - Cymraeg'!$B$3
Name _Toc100830147: 'Nodiadau Cyfarwyddyd - Cymraeg'!$B$38
Name _Toc100830148: 'Nodiadau Cyfarwyddyd - Cymraeg'!$B$53
Name _Toc100830149: 'Nodiadau Cyfarwyddyd - Cymraeg'!$B$63
Name _Toc100830150: 'Nodiadau Cyfarwyddyd - Cymraeg'!$B$65
Name _Toc100830151: 'Nodiadau Cyfarwyddyd - Cymraeg'!$B$75
Name _Toc100830152: 'Nodiadau Cyfarwyddyd - Cymraeg'!$B$85
Name _Toc100830153: 'Nodiadau Cyfarwyddyd - Cymraeg'!$B$115
Name _Toc100830154: 'Nodiadau Cyfarwyddyd - Cymraeg'!$B$133
Name _Toc100830155: 'Nodiadau Cyfarwyddyd - Cymraeg'!$B$143
Name _Toc100830156: 'Nodiadau Cyfarwyddyd - Cymraeg'!$B$163
Name _Toc100830157: 'Nodiadau Cyfarwyddyd - Cymraeg'!$B$173
Name _Toc100830158: 'Nodiadau Cyfarwyddyd - Cymraeg'!$B$176
Name _Toc100830159: 'Nodiadau Cyfarwyddyd - Cymraeg'!$B$179
Name _Toc100830160: 'Nodiadau Cyfarwyddyd - Cymraeg'!$B$182
Name _Toc100830161: 'Nodiadau Cyfarwyddyd - Cymraeg'!$B$198
Name _Toc100830162: 'Nodiadau Cyfarwyddyd - Cymraeg'!$B$200
Name _Toc100830163: 'Nodiadau Cyfarwyddyd - Cymraeg'!$B$210
Name _Toc100830164: 'Nodiadau Cyfarwyddyd - Cymraeg'!$B$220
Name _Toc100830166: 'Nodiadau Cyfarwyddyd - Cymraeg'!$B$230
Name _Toc100830167: 'Nodiadau Cyfarwyddyd - Cymraeg'!$B$240
Name _Toc100830168: 'Nodiadau Cyfarwyddyd - Cymraeg'!$B$259
Name _Toc100830169: 'Nodiadau Cyfarwyddyd - Cymraeg'!$B$262
Name _Toc100830170: 'Nodiadau Cyfarwyddyd - Cymraeg'!$B$265
Name _Toc100830171: 'Nodiadau Cyfarwyddyd - Cymraeg'!$B$278
Name _Toc100830172: 'Nodiadau Cyfarwyddyd - Cymraeg'!$B$288
Name _Toc100830173: 'Nodiadau Cyfarwyddyd - Cymraeg'!$B$291
Name _Toc100830174: 'Nodiadau Cyfarwyddyd - Cymraeg'!$B$293
Name _Toc100830176: 'Nodiadau Cyfarwyddyd - Cymraeg'!$B$314
Name _Toc158729290: 'Guidance Notes - English'!$B$38
Name _Toc158729290: 'Nodiadau Cyfarwyddyd - Cymraeg'!$B$36
Name _Toc158729291: 'Guidance Notes - English'!$B$53
Name _Toc158729291: 'Nodiadau Cyfarwyddyd - Cymraeg'!$B$48
Name _Toc158729292: 'Guidance Notes - English'!$B$63
Name _Toc158729292: 'Nodiadau Cyfarwyddyd - Cymraeg'!$B$54
Name _Toc158729293: 'Guidance Notes - English'!$B$65
Name _Toc158729293: 'Nodiadau Cyfarwyddyd - Cymraeg'!$B$57
Name _Toc158729294: 'Guidance Notes - English'!$B$75
Name _Toc158729294: 'Nodiadau Cyfarwyddyd - Cymraeg'!$B$64
Name _Toc158729295: 'Guidance Notes - English'!$B$85
Name _Toc158729296: 'Guidance Notes - English'!$B$115
Name _Toc158729296: 'Nodiadau Cyfarwyddyd - Cymraeg'!$B$74
Name _Toc158729297: 'Guidance Notes - English'!$B$133
Name _Toc158729297: 'Nodiadau Cyfarwyddyd - Cymraeg'!$B$91
Name _Toc158729298: 'Guidance Notes - English'!$B$143
Name _Toc158729298: 'Nodiadau Cyfarwyddyd - Cymraeg'!#REF!

Sheet FrontPage
P1: 202526
C2: =Language!D3 -> Non-domestic rates final contributions return 2025-26 | L2: ="NDR3"&IF(Q14=2,"A","UnA") -> NDR3UnA | N2: v.1.1
H5: =Language!D5 -> Billing Authorities only
P6: 1 | Q6: 1
C8: Dewiswch eich iaith penodol: | Q8: 2 | R8: Cymraeg/Welsh
C9: Choose your preferred language: | Q9: =IF(Q8=1,"Cym",IF(Q8=2,"Eng")) -> Eng | R9: Saesneg/English
C10: =Language!D4 -> Please select the type of return:
C11: =Language!D6 -> Please amend the details for your authority below if necessary:
C12: =IF(UANumber=0,"",VLOOKUP(UANumber,Add_1,3,FALSE))
C13: =IF(UANumber=0,"",VLOOKUP(UANumber,Authority,IF(Q8=2,2,3)))
C14: =IF(UANumber=0,"",VLOOKUP(UANumber,Add_1,4,FALSE)) | Q14: =+Transfer!H6 -> 1
C15: =IF(UANumber=0,"",VLOOKUP(UANumber,Add_1,5,FALSE))
C16: =IF(UANumber=0,"",VLOOKUP(UANumber,Add_1,6,FALSE))
C17: =IF(UANumber=0,"",VLOOKUP(UANumber,Add_1,7,FALSE))
C18: =IF(UANumber=0,"",VLOOKUP(UANumber,Add_1,8,FALSE))
C19: =Language!D7 -> Please give the name and telephone number of the person who we may contact in case of queries:-
C20: =Language!D8 -> Name: | D20: =IF(UANumber=0,"",VLOOKUP(UANumber,Add_1,9,FALSE))
C21: =Language!D9 -> E-mail: | D21: =IF(UANumber=0,"",VLOOKUP(UANumber,Add_1,12,FALSE))
C22: =Language!D10 -> Telephone: | D22: =IF(UANumber=0,"",VLOOKUP(UANumber,Add_1,10,FALSE))&" "&IF(UANumber=0,"",VLOOKUP(UANumber,Add_1,11,FALSE))
C24: =Language!D13 -> The information on this form must be submitted to the Welsh Government under Schedule 8 of the Local Government Finance Act 1988
C25: =Language!D14&Language!D15 -> An electronic copy of the spreadsheet and a signed scanned PDF version must be returned via email to the Welsh Government by 1 June 2026
C26: =Language!D16&Language!D17 -> A signed copy of the form must be passed to the auditor appointed by Audit Wales with a request that the certified scanned PDF be emailed to the Welsh Government by 17 November 2026
C27: =Language!D18&Language!D19 -> Please email a completed spreadsheet to: ndrforms@gov.wales
C28: =Language!D20 -> PLEASE ENSURE THAT ALL BLANK CELLS ARE POPULATED WITH ZEROS.
C29: =Language!D21 -> For any enquiries please contact: | F29: Richard Hagg
F30: =Language!D22 -> ndrforms@gov.wales

Sheet NDR3
S1: Set text outside the box to grey
C2: =FrontPage!C2 -> Non-domestic rates final contributions return 2025-26 | O2: =FrontPage!L2 -> NDR3UnA | P2: =+FrontPage!N2 -> v.1.1 | S2: =year -> 2025-26
S3: =Details!C7 -> 2024-25
C4: =Language!D24&UANumber -> Authority code:0 | G4: =Language!D25&" "&FrontPage!C13 -> Authority: | S4: =Details!C8 -> 2023-24
S5: =Details!E5 -> 2026
C6: =Language!$D26 -> Part 1 - Preliminary information (Please enter all amounts to the nearest pound) | O6: =Language!D27 -> £ pounds | S6: =Details!D6 -> 202526
C8: =Language!$D28 -> Gross rates payable
C9: 1 | D9: =Language!$D29 -> in respect of this current year | S9: 1
C10: 2 | D10: =Language!$D30 -> net amounts in respect of previous years | S10: 2
C12: =Language!$D31 -> Mandatory reliefs (please show the estimated lost yield as positive)
C13: =Language!$D35 -> Reductions under:
C15: =Language!$D32 -> Section 58 (revaluation transitional relief)
C16: 3.1 | D16: =Language!$D33 -> in respect of this current year
C17: 4.1 | D17: =Language!$D34 -> net amounts in respect of previous years
C19: =Language!$D36 -> Schedule 4ZA para 2(2)(a) (charitable occupation)
C20: 5 | D20: =Language!$D37 -> in respect of this current year | S20: 5
C21: 6 | D21: =Language!$D38 -> net amounts in respect of previous years | S21: 6
C23: =Language!$D39 -> Schedule 4ZA para 2(2)(b) (community amateur sports clubs)
C24: 6.5 | D24: =Language!$D40 -> in respect of this current year | S24: 7
C25: 6.6 | D25: =Language!$D41 -> net amounts in respect of previous years
C27: =Language!$D42 -> Schedule 4ZA para 6 (heat networks relief)
C28: 7.1 | D28: =Language!$D43 -> in respect of this current year
C29: 7.2 | D29: =Language!$D44 -> net amounts in respect of previous years
C31: =Language!$D45 -> Schedule 4ZA para 3 (improvement relief)
C32: 7.3 | D32: =Language!$D46 -> in respect of this current year
C33: 7.4 | D33: =Language!$D47 -> net amounts in respect of previous years
C35: =Language!$D48 -> Schedule 4ZA para 4 (small business rate relief)
C36: 8 | D36: =Language!$D49 -> net amounts in respect of previous years | S36: 8
C37: 8.6 | D37: =Language!$D50 -> Schedule 4ZA para 4 (Post Office) in respect of this current year | S37: 9
C38: 8.7 | D38: =Language!$D51 -> Schedule 4ZA para 4 (childcare) in respect of this current year
C39: 8.8 | D39: =Language!$D52 -> Schedule 4ZA para 4 (small business rate relief excluding childcare/post office)
C41: =Language!$D54 -> section 44A (partly occupied properties)
C42: 9 | D42: =Language!$D55 -> in respect of this current year | S42: 10
C43: 10 | D43: =Language!$D56 -> net amounts in respect of previous years | S43: 11
C45: =Language!$D57 -> section 45(1)(d) (empty premises)
C46: 11 | D46: =Language!$D58 -> in respect of this current year | S46: 12
C47: 12 | D47: =Language!$D59 -> net amounts in respect of previous years | S47: 13
C49: =Language!$D60 -> Schedule 4ZB para 2 (charitable relief for empty premises)
C50: 12.1 | D50: =Language!$D61 -> in respect of this current year
C51: 12.2 | D51: =Language!$D62 -> net amounts in respect of previous years
C53: =Language!$D63 -> Schedule 4ZA para 7 (public lavatories relief)
C54: 12.5 | D54: =Language!$D64 -> in respect of this current year
C55: 12.6 | D55: =Language!$D65 -> net amounts in respect of previous years
C57: 13 | D57: =Language!$D66 -> Gross Amount (Lines 1 to 2 minus lines 3 to 12.6) (copied to Part 2, line 16) | O57: =SUM(O9:O10)-SUM(O16:O55) -> 0 | S57: 14
C59: 14 | D59: =Language!$D67 -> Estimated gross arrears of all non-domestic rates at 31 March 2026
C60: 15 | D60: =Language!$D68 -> Date of latest information taken into account | S60: 16
C62: =Language!$D69 -> Part 2 - Calculation of Contribution to the pool
C64: 16 | D64: =Language!$D70 -> Gross amount payable | O64: =O57 -> 0
C67: =Language!$D71 -> Discretionary reliefs (please show the estimated lost yield as positive)
C68: =Language!$D72 -> Reductions under:
C69: 17 | D69: =Language!$D73 -> Section 47 (charitable occupations)
C70: 17.5 | D70: =Language!$D74 -> Section 47 (community amateur sports clubs)
C71: 18 | D71: =Language!$D75 -> Section 47 (non-profit making bodies)
C72: 21 | D72: =Language!$D76 -> Section 49 (hardship)
C73: 22 | D73: =Language!$D77 -> Regulation 5 of S.I. 1991 No. 141 (charges on property) | S73: Set this text and the text below to white
C74: 23 | D74: =Language!$D78 -> Net yield (line 16 minus lines 17 to 22) | O74: =O64-SUM(O69:O73) -> 0 | S74: PLEASE DO NOT DELETE
S75: Year
C76: 24 | D76: =Language!$D79 -> Allowance for costs of collection (from NDR1, 2025-26, line 17) | O76: =IF(ISERROR(-VLOOKUP($S76&$S77&UANumber&S78&$S80,NDRData,2,FALSE))=TRUE,0,-VLOOKUP($S76&$S77&UANumber&S78&$S80,NDRData,2,FALSE)) -> 0 | S76: =$S$6 -> 202526
S77: NNDR1
C78: 25 | D78: =Language!$D80 -> Losses in collection yield lost in respect of bad debts written off and | S78: 17
D79: =Language!$D81 -> doubtful debts for which provision should be made
C80: 26 | D80: =Language!$D82 -> Refund of overpayments Interest on repayments
C82: 27 | D82: =Language!$D83 -> Contribution to the pool (line 23 minus lines 24 to 26) | O82: =O74-O76-O78-O80 -> 0
C84: =Language!$D84 -> MEMORANDUM ITEMS
C86: 40 | D86: =Language!$D85 -> Number of hereditaments on rating list at 1 April 2025
C87: 41 | D87: =Language!$D86 -> Number of hereditaments on rating list at 31 March 2026
C88: 42 | D88: =Language!$D87 -> Aggregate rateable value at 1 April 2025
C89: 43 | D89: =Language!$D88 -> Aggregate rateable value at 31 March 2026
D91: =+Language!D92 -> Welsh Government Administration use only | N91: =+Transfer!M51 -> ZZZZZZZZZZZZZZ

Sheet Guidance Notes - English
B2: Non‑Domestic Rating Pool Wales – Outturn Contribution
B3: ="(NDR3 "&year&") Guidance Notes" -> (NDR3 2025-26) Guidance Notes
B5: Contents
B6: Introduction
B7: Lines 1 and 2 Gross rates payable
B8: Mandatory reliefs
B9: Lines 3.1 and 4.1 Transitional Relief
B10: Lines 5 and 6 Charities
B11: Lines 6.5 and 6.6 Registered community amateur sports clubs
B12: Lines 7.1 and 7.2 Heat networks relief
B13: Lines 7.3 and 7.4 Improvement relief
B14: Lines 8, 8.6 and 8.7 and 8.8 Small Business Rates Relief
B15: Lines 9 and 10 Partly occupied premises
B16: Lines 11 and 12 Empty premises
... B39: Paragraph 5(6) of Schedule 8 to the Local Government Finance Act 1988 (referred to below as ‘the 1988 Act’) requires each billing authority to calculate, after the end of each financial year, the amount of its non‑domestic rating contribution for the year and to notify the Welsh Government of the amount. The authority must then arrange for the calculation and the notified amount to be certified under arrangements made by Audit Wales and for the certified form to be sent to the Welsh Government.
B41: ="The calculation for "&year&" (referred to below as the ‘current year’) is to be made in accordance with the Non‑Domestic Rating Contributions (Wales) Regulations 1992 (SI 1992/3238), as amended (the Regulations)." -> The calculation for 2025-26 (referred to below as the ‘current year’) is to be made in accordance with the Non‑Domestic Rating Contributions (Wales) Regulations 1992 (SI 1992/3238), as amended (the Regulations).
B43: The rules for the outturn calculation are contained in Schedule 1 to the Regulations. These notes are not a substitute for the regulations but seek to explain what the regulations require and what the authority needs to show in its calculation and are produced for guidance purposes only. Billing authorities should refer to the Regulations.
B45: Form NDR3 is provided for the calculation. The form also seeks the information required by the Welsh Government in deciding how to perform its functions under Schedule 8 to the 1988 Act in relation to subsequent years.
B47: ="A copy of the completed spreadsheet and a signed PDF should be emailed to the Welsh Government by no later than "&Language!B15&". At the same time the original form should be sent to the authority's auditors for certification."&" Arrangements should be made with the authority's auditors to send a certified scanned PDF of the form to the Welsh Government by email no later than "&Language!B17&". An updated spreadsheet should be sent electronically to the Welsh Government by the billing authority at the same time." -> A copy of the completed spreadsheet and a signed PDF should be emailed to the Welsh Government by no later than 1 June 2026. At the same time the original form should be sent to the authority's auditors for certification. Arrangements should be made with the authority's auditors to send a certified scanned PDF of the form to the Welsh Government by email no later than 17 November 2026. An updated spreadsheet should be sent electronically to the Welsh Government by the billing authority at the same time.
B49: Under rules contained in paragraphs 5(9) to (12) of Schedule 8 to the 1988 Act the Welsh Government will make an interim statement of the outturn account on the basis of the amount which is certified by the authority's Chief Finance Officer and which is notified to the Welsh Government prior to audit. The final settlement will then be made on the basis of the audited amount under regulation 10 of the Regulations or paragraph 5(14) of Schedule 8 to the 1988 Act.
B51: Calculations for the current year and any prior year adjustments should be carried out by reference to the NDR multiplier for the relevant year. All amounts should be entered to the nearest pound.
B53: Lines 1 and 2 Gross rates payable
B54: ="The gross rates payable is the theoretical maximum rates yield if property shown in the non‑domestic rating list were occupied and not subject to any reliefs. "&"Enter in Line 1 the gross yield in respect of the current year, calculated by reference to the total rateable value shown in the list for each day in the year and the non‑domestic rating multiplier of "&VLOOKUP(YearCode,_RV2,4,FALSE)/100&"." -> The gross rates payable is the theoretical maximum rates yield if property shown in the non‑domestic rating list were occupied and not subject to any reliefs. Enter in Line 1 the gross yield in respect of the current year, calculated by reference to the total rateable value shown in the list for each day in the year and the non‑domestic rating multiplier of 0.568.
B56: Enter in Line 2 the total of:
B57: (i) amounts in respect of the gross rates yield for previous years (calculated by reference to the rateable value in the list for each day in those years and the non­domestic rating multiplier for those years) which have not been taken into account in the outturn calculation for those years; plus
B59: ="(ii) amounts in respect of payments deferred from "&Year_Less_2&". The amount included in "&year&" should equate to the difference between the total amount deferred in "&Year_Less_2&", and the deferred amounts included in "&Year_Less_1&", less" -> (ii) amounts in respect of payments deferred from 2023-24. The amount included in 2025-26 should equate to the difference between the total amount deferred in 2023-24, and the deferred amounts included in 2024-25, less
B61: (iii) amounts which were taken into account in the gross rates yield in the outturn calculation for previous years but which, on the basis of information now available, should not have been taken into account.
B63: Mandatory reliefs
B65: Lines 3.1 Transitional Relief
B66: The Non-Domestic Rating (Chargeable Amounts) (Wales) Regulations 2022 (SI 2022/1350), made pursuant to the powers in section 58 of the 1988 Act, prescribe conditions for relief following a revaluation. These regulations affect rates income by limiting the amount by which a rates bill can increase on 1 April 2023. This is to help protect ratepayers who had increases in rateable value after the revaluation from incurring significant increases in liability.
B68: Enter in Line 3.1 the total of the billing authority's figure for the total transitional relief given within the current financial year.
B70: Enter in Line 4.1 the total of:
B71: (i) the billing authority's figure for the total prior year adjustments given within the current financial year but not previously taken into account in an outturn calculation; less
B73: (ii) the total of any such amounts which have previously been taken into account in a prior year outturn calculation but which should not have been.
B75: Lines 5 and 6 Charitable occupation
B76: Schedule 4ZA para 2(2)(a) of the 1988 Act provides for mandatory rates relief for charities.
B78: Enter in Line 5 the authority's best estimate of the reduction in rates yield as a result of the application of 80% mandatory rates relief for properties occupied by charities in the authority's area in respect of days in the current year.
B80: Enter in Line 6 the total of:
... B294: Lines 40 to 43
B295: ="Enter in Line 40 the number of hereditaments shown in the local non‑domestic rating list for the authority area as at 1 April "&Year_Prior&"." -> Enter in Line 40 the number of hereditaments shown in the local non‑domestic rating list for the authority area as at 1 April 2025.
B297: ="Enter in Line 41 the number of hereditaments shown in the local non‑domestic rating list for the authority area as at 31 March "&Year_Now&"." -> Enter in Line 41 the number of hereditaments shown in the local non‑domestic rating list for the authority area as at 31 March 2026.
B299: ="Enter in Line 42 the aggregate rateable value in the local non‑domestic rating list for the authority's area as at 1 April "&Year_Prior&"." -> Enter in Line 42 the aggregate rateable value in the local non‑domestic rating list for the authority's area as at 1 April 2025.
B301: ="Enter in Line 43 the aggregate rateable value in the local non‑domestic rating list for the authority's area as at 31 March "&Year_Now&"." -> Enter in Line 43 the aggregate rateable value in the local non‑domestic rating list for the authority's area as at 31 March 2026.
B303: Lines 40 to 43 are required to enable the Welsh Government to calculate the total increase or decrease in the number of properties in each billing authority and the increase or decrease in total rateable value within the financial year. This information will be used to inform calculation of growth in the non‑domestic property tax-base. Memorandum lines are not required to be audited.
B305: Subsidy Control
B306: As of 4 January 2023, the new UK subsidy control regime commenced with the coming into force of the Subsidy Control Act 2022. More information is available in the UK statutory subsidy control guidance from the UK Government.
B307: For further advice, the Subsidy Control Unit at the Welsh Government can be contacted at:
B308: Subsidy Control Unit
B309: Welsh Government
B310: Cathays Park
B311: Cardiff
B312: CF10 3NQ
B313: Email: SubsidyControlUnit@gov.wales
B315: Certification
B316: Once the form has been completed, the validation sheet contained in the spreadsheet should be checked for any error messages. If notification of an error is given, a suitable correction must be made, or an appropriate reason given.
... B322: (ii) The entries in Part 2 have been made in accordance with the Non‑Domestic Rating Contributions (Wales) Regulations 1992, as amended;
B324: ="(iii) and in particular that the entry in Line 24 (Allowance for costs of collection) has been calculated in accordance with the number of hereditaments and rateable values shown in the rating list for the authority on 31 December "&Year_Prior&"." -> (iii) and in particular that the entry in Line 24 (Allowance for costs of collection) has been calculated in accordance with the number of hereditaments and rateable values shown in the rating list for the authority on 31 December 2025.
B326: ="An Excel copy of the spreadsheet and signed scanned PDF should be emailed to the address shown on the front cover by "&Language!B15&". At the same time, the original form should be sent to the authority's auditors for certification. "&"In order to comply with the requirement to notify the Welsh Government of the amount of the contribution, authorities should arrange for the certified scanned PDF and spreadsheet to be sent to the Welsh Government by "&Language!B17&"." -> An Excel copy of the spreadsheet and signed scanned PDF should be emailed to the address shown on the front cover by 1 June 2026. At the same time, the original form should be sent to the authority's auditors for certification. In order to comply with the requirement to notify the Welsh Government of the amount of the contribution, authorities should arrange for the certified scanned PDF and spreadsheet to be sent to the Welsh Government by 17 November 2026.
B328: Auditors will be required to certify that all entries are fairly stated and are calculated in accordance with the Regulations and these guidance notes.
B330: As explained in paragraph 6, the Welsh Government will make an interim settlement of the outturn account on the basis of the amount which is certified by the Chief Finance Officer and which is notified to the Welsh Government prior to certification by the auditors (‘certified amount’). Any final settlement will then be made on the basis of the certified amount.

Sheet Nodiadau Cyfarwyddyd - Cymraeg
B2: Cronfa Ardrethi Annomestig Cymru – Cyfraniad Alldro
B3: ="(NDR3 "&year&"): Nodiadau Cyfarwyddyd" -> (NDR3 2025-26): Nodiadau Cyfarwyddyd
B5: Cynnwys
B6: Cyflwyniad
B7: Llinellau 1 a 2 Ardrethi gros sy’n daladwy
B8: Rhyddhadau gorfodol
B9: Llinellau 3.1 a 4.1 Rhyddhad Trosiannol
B10: Llinellau 5 a 6 Elusennau
B11: Llinellau 6.5 a 6.6 Clybiau chwaraeon amatur cymunedol cofrestredig
B12: Llinellau 7.1 a 7.2 Rhyddhad rhwydweithiau gwresogi
B13: Llinellau 7.3 a 7.4 rhyddhad gwelliannau
B14: Llinellau 8, 8.6, 8.7 ac 8.8 Rhyddhad ardrethi i fusnesau bach
B15: Lllinellau 9 a 10 Eiddo a feddiannir yn rhannol
B16: Llinellau 11 a 12 Eiddo gwag
... B39: O dan baragraff 5(6) o Atodlen 8 i Ddeddf Cyllid Llywodraeth Leol 1988 (y cyfeirir ati isod fel "Deddf 1988") mae'n ofynnol i bob awdurdod bilio, ar ddiwedd pob blwyddyn ariannol, gyfrifo swm ei gyfraniad ardrethu annomestig ar gyfer y flwyddyn a hysbysu Llywodraeth Cymru am y swm. Mae'n rhaid i'r awdurdod wedyn drefnu i'r cyfrifiad a'r swm hysbysedig gael eu hardystio o dan drefniadau a wneir gan Archwilio Cymru ac i'r ffurflen ardystiedig gael ei hanfon i Lywodraeth Cymru.
B41: ="Dylid gwneud y cyfrifiad ar gyfer "&year&" (y cyfeirir ati isod fel ‘y flwyddyn gyfredol’) yn unol â Rheoliadau Cyfraniadau Ardrethu Annomestig (Cymru) 1992 (OS 1992/3238), fel y'u diwygiwyd (‘y Rheoliadau’)." -> Dylid gwneud y cyfrifiad ar gyfer 2025-26 (y cyfeirir ati isod fel ‘y flwyddyn gyfredol’) yn unol â Rheoliadau Cyfraniadau Ardrethu Annomestig (Cymru) 1992 (OS 1992/3238), fel y'u diwygiwyd (‘y Rheoliadau’).
B43: Ceir y rheoliadau ar gyfer y cyfrifiad alldro yn Atodlen 1 i'r Rheoliadau. Nid yw'r nodiadau hyn yn disodli'r rheoliadau ond yn hytrach maent yn ceisio esbonio'r hyn sy'n ofynnol o dan y rheoliadau a'r hyn y mae angen i'r awdurdod ei ddangos yn ei gyfrifiad ac fe'u darperir fel arweiniad yn unig. Dylai awdurdodau bilio gyfeirio at y Rheoliadau.
B45: Darperir Ffurflen NDR3 ar gyfer y cyfrifiad. Mae'r ffurflen hefyd yn ceisio'r wybodaeth sydd ei hangen ar Lywodraeth Cymru wrth benderfynu sut i gyflawni ei swyddogaethau o dan Atodlen 8 i Ddeddf 1988 mewn perthynas â blynyddoedd dilynol.
B47: ="Dylid e-bostio copi o'r daenlen wedi'i chwblhau a PDF wedi'i lofnodi i Lywodraeth Cymru erbyn "&Language!C15&" fan bellaf. Ar yr un pryd dylid anfon y ffurflen wreiddiol at archwilwyr yr awdurdod i'w hardystio. Dylid gwneud trefniadau gydag archwilwyr yr awdurdod i anfon PDF o'r ffurflen ardystiedig i Lywodraeth Cymru drwy e-bost erbyn "&Language!C17&" fan bellaf. Dylai’r awdurdod bilio anfon taenlen wedi’i diweddaru at Lywodraeth Cymru yn electronig yr un pryd." -> Dylid e-bostio copi o'r daenlen wedi'i chwblhau a PDF wedi'i lofnodi i Lywodraeth Cymru erbyn 1 Mehefin 2026 fan bellaf. Ar yr un pryd dylid anfon y ffurflen wreiddiol at archwilwyr yr awdurdod i'w hardystio. Dylid gwneud trefniadau gydag archwilwyr yr awdurdod i anfon PDF o'r ffurflen ardystiedig i Lywodraeth Cymru drwy e-bost erbyn 17 Tachwedd 2026 fan bellaf. Dylai’r awdurdod bilio anfon taenlen wedi’i diweddaru at Lywodraeth Cymru yn electronig yr un pryd.
B49: O dan reolau a nodir ym mharagraffau 5(9) i (12) o Atodlen 8 i Ddeddf 1988 bydd Llywodraeth Cymru yn gwneud datganiad interim o'r cyfrif alldro ar sail y swm a ardystir gan Brif Swyddog Cyllid yr awdurdod ac yr hysbysir Llywodraeth Cymru amdano cyn yr archwiliad. Wedyn gwneir y setliad terfynol ar sail y swm archwiliedig o dan reoliad 10 o'r Rheoliadau neu baragraff 5(14) o Atodlen 8 i Ddeddf 1988.
B51: Dylid gwneud cyfrifiadau ar gyfer y flwyddyn gyfredol ac unrhyw addasiadau ar gyfer blynyddoedd blaenorol drwy gyfeirio at y lluosydd NDR ar gyfer y flwyddyn berthnasol. Dylid cofnodi pob swm i'r bunt agosaf.
B53: Llinellau 1 a 2 Ardrethi gros sy’n daladwy
B54: ="Yr ardrethi gros sy'n daladwy yw'r arenillion mwyaf posibl y gellid eu cael, yn ddamcaniaethol, o ardrethi pe bai eiddo a ddangosir yn y rhestr ardrethu annomestig yn cael ei feddiannu a phe na bai'n cael unrhyw ryddhad."&" Yn Llinell 1 nodwch yr arenillion gros mewn perthynas â flwyddyn gyfredol a gyfrifwyd drwy gyfeirio at gyfanswm y gwerth ardrethol "&"a ddangosir yn y rhestr ar gyfer pob diwrnod yn y flwyddyn a'r lluosydd ardrethi annomestig ar gyfer flwyddyn gyfredol, sef "&VLOOKUP(YearCode,_RV2,4,FALSE)/100&"." -> Yr ardrethi gros sy'n daladwy yw'r arenillion mwyaf posibl y gellid eu cael, yn ddamcaniaethol, o ardrethi pe bai eiddo a ddangosir yn y rhestr ardrethu annomestig yn cael ei feddiannu a phe na bai'n cael unrhyw ryddhad. Yn Llinell 1 nodwch yr arenillion gros mewn perthynas â flwyddyn gyfredol a gyfrifwyd drwy gyfeirio at gyfanswm y gwerth ardrethol a ddangosir yn y rhestr ar gyfer pob diwrnod yn y flwyddyn a'r lluosydd ardrethi annomestig ar gyfer flwyddyn gyfredol, sef 0.568.
B56: Yn Llinell 2 nodwch gyfanswm:
B57: (i) symiau mewn perthynas â'r arenillion ardrethu gros ar gyfer blynyddoedd blaenorol (a gyfrifwyd drwy gyfeirio at y gwerth ardrethol yn y rhestr ar gyfer pob diwrnod yn y blynyddoedd hynny a'r lluosydd ardrethi annomestig ar gyfer y blynyddoedd hynny) nas ystyriwyd yn y cyfrifiad alldro ar gyfer y blynyddoedd hynny; a
B59: ="(ii) symiau mewn perthynas â thaliadau a ohiriwyd o "&Year_Less_2&". Dylai'r swm a gynhwysir yn "&year&" gyfateb i'r gwahaniaeth rhwng y cyfanswm a ohiriwyd yn "&Year_Less_2&", a'r symiau wedi'u gohirio a gynhwyswyd yn "&Year_Less_1&", llai" -> (ii) symiau mewn perthynas â thaliadau a ohiriwyd o 2023-24. Dylai'r swm a gynhwysir yn 2025-26 gyfateb i'r gwahaniaeth rhwng y cyfanswm a ohiriwyd yn 2023-24, a'r symiau wedi'u gohirio a gynhwyswyd yn 2024-25, llai
B61: (iii) symiau a ystyriwyd yn yr arenillion ardrethu gros yn y cyfrifiad alldro ar gyfer blynyddoedd blaenorol ond na ddylent, ar sail yr wybodaeth sydd bellach ar gael, fod wedi cael eu hystyried.
B63: Rhyddhadau gorfodol
B65: Llinellau 3.1 Rhyddhad Trosiannol
B66: Mae Rheoliadau Ardrethu Annomestig (Symiau y Gellir eu Codi) (Cymru) 2022 (OS 2022/1350), a wnaed yn unol â’r pwerau yn adran 58 o Ddeddf 1988, yn rhagnodi amodau ar gyfer rhyddhad yn dilyn ailbrisiad. Mae’r rheoliadau hyn yn effeithio ar incwm o ardrethi drwy gyfyngu ar y swm y gall bil ardrethi gynyddu yn unol ag ef ar 1 Ebrill 2023. Diben hyn yw helpu trethdalwyr a welodd gynnydd mewn gwerth trethadwy ar ôl yr ailbrisio yn i osgoi codiadau sylweddol mewn atebolrwydd.
B68: Yn Llinell 3.1 nodwch gyfanswm ffigur yr awdurdod bilio ar gyfer cyfanswm y rhyddhad trosiannol a roddir o fewn y flwyddyn ariannol gyfredol.
B70: Yn Llinell 4.1 nodwch gyfanswm:
B71: (i) ffigur yr awdurdod bilio ar gyfer cyfanswm addasiadau’r flwyddyn flaenorol a roddwyd o fewn y flwyddyn ariannol bresennol, ond na chawsant eu hystyried mewn cyfrifiad alldro; llai
B73: (ii) cyfanswm unrhyw symiau o’r fath a gafodd eu hystyried mewn cyfrifiad alldro mewn blwyddyn flaenorol, ond na ddylent fod wedi’u hystyried.
B75: Llinellau 5 a 6 Meddiannaeth elusennol
B76: Mae Atodlen 4ZA para 2(2)(a) o Ddeddf 1988 yn darparu ar gyfer rhyddhad ardrethi gorfodol ar gyfer elusennau.
B78: Yn Llinell 5 nodwch amcangyfrif gorau'r awdurdod o'r gostyngiad yn yr arenillion ardrethi o ganlyniad i gymhwyso rhyddhad ardrethi gorfodol o 80% ar gyfer eiddo a feddiannir gan elusennau yn yr ardal mewn perthynas â diwrnodau yn y flwyddyn gyfredol.
B80: Yn Llinell 6 nodwch gyfanswm:
... B294: Llinellau 40 i 43
B295: ="Yn Llinell 40 rhowch nifer yr heredimentau a welir yn rhestr ardrethu annomestig ardal yr awdurdod ar 1 Ebrill "&Year_Prior&"." -> Yn Llinell 40 rhowch nifer yr heredimentau a welir yn rhestr ardrethu annomestig ardal yr awdurdod ar 1 Ebrill 2025.
B297: ="Yn Llinell 41 rhowch nifer yr heredimentau a welir yn rhestr ardrethu annomestig ardal yr awdurdod ar 31 Mawrth "&Year_Now&"." -> Yn Llinell 41 rhowch nifer yr heredimentau a welir yn rhestr ardrethu annomestig ardal yr awdurdod ar 31 Mawrth 2026.
B299: ="Yn Llinell 42 rhowch y gwerth ardrethol cyfanredol a welir yn rhestr ardrethu annomestig ardal yr awdurdod ar 1 Ebrill "&Year_Prior&"." -> Yn Llinell 42 rhowch y gwerth ardrethol cyfanredol a welir yn rhestr ardrethu annomestig ardal yr awdurdod ar 1 Ebrill 2025.
B301: ="Yn Llinell 43 rhowch y gwerth ardrethol cyfanredol a welir yn rhestr ardrethu annomestig ardal yr awdurdod ar 31 Mawrth "&Year_Now&"." -> Yn Llinell 43 rhowch y gwerth ardrethol cyfanredol a welir yn rhestr ardrethu annomestig ardal yr awdurdod ar 31 Mawrth 2026.
B303: Mae angen Llinellau 40 i 43 er mwyn galluogi Llywodraeth Cymru i gyfrifo cyfanswm y cynnydd neu’r gostyngiad yn nifer yr eiddo ym mhob awdurdod bilio a’r cynnydd neu’r gostyngiad yn y gwerth ardrethol cyfan o fewn y flwyddyn ariannol. Bydd yr wybodaeth hon yn cael ei defnyddio er mwyn cyfrifo’r twf yn y sylfaen drethi ar gyfer eiddo annomestig. Nid yw’n ofynnol i linellau memorandwm gael eu harchwilio.
B305: Rheoli Cymorthdaliadau
B306: Dechreuodd trefn rheoli cymorthdaliadau newydd y DU ar 4 Ionawr 2023 wedi i Ddeddf Rheoli Cymorthdaliadau 2022 ddod i rym. Mae rhagor o wybodaeth ar gael yng nghanllawiau rheoli cymorthdaliadau statudol y DU Cymrugan Lywodraeth y DU.
B307: I gael rhagor o gyngor, gallwch gysylltu ag Uned Rheoli Cymorthdaliadau Llywodraeth Cymru yn:
B308: Yr Uned Rheoli Cymorthdaliadau
B309: Llywodraeth Cymru
B310: Parc Cathays
B311: Caerdydd
B312: CF10 3NQ
B313: E-bost: YrUnedRheoliCymorthdaliadau@llyw.cymru
B315: Ardystio
B316: Unwaith y bydd y ffurflen wedi’i chwblhau, dylid gwirio’r ffurflen ddilysu yn y daenlen rhag ofn bod negeseuon am wallau. Os oes neges am wall, dylid gwneud cywiriad addas neu roi rheswm priodol.
... B322: (ii) Bod yr hyn a nodwyd yn Rhan 2 wedi’i wneud yn unol â Rheoliadau Cyfraniadau Ardrethu Annomestig (Cymru) 1992, fel y’u diwygiwyd.
B324: ="(iii) Ac yn enwedig bod yr hyn a nodwyd yn Llinell 24 (Lwfans ar gyfer costau casglu) wedi’i gyfrifo’n unol â nifer yr heredimentau a’r gwerthoedd ardrethol a welir yn rhestr ardrethol yr awdurdod ar 31 Rhagfyr "&Year_Prior&"." -> (iii) Ac yn enwedig bod yr hyn a nodwyd yn Llinell 24 (Lwfans ar gyfer costau casglu) wedi’i gyfrifo’n unol â nifer yr heredimentau a’r gwerthoedd ardrethol a welir yn rhestr ardrethol yr awdurdod ar 31 Rhagfyr 2025.
B326: ="Dylid e-bostio copi Excel o'r daenlen a'r PDF wedi'i llofnodi i'r cyfeiriad a ddangosir ar y clawr blaen erbyn "&Language!C15&". Ar yr un pryd dylid anfon y ffurflen wreiddiol at archwilwyr yr awdurdod i'w hardystio. "&"Er mwyn cydymffurfio â'r gofyniad i hysbysu Llywodraeth Cymru am swm y cyfraniad, dylai’r awdurdodau drefnu i'r PDF a'r daenlen ardystiedig gael eu hanfon i Lywodraeth Cymru erbyn "&Language!C17&"." -> Dylid e-bostio copi Excel o'r daenlen a'r PDF wedi'i llofnodi i'r cyfeiriad a ddangosir ar y clawr blaen erbyn 1 Mehefin 2026. Ar yr un pryd dylid anfon y ffurflen wreiddiol at archwilwyr yr awdurdod i'w hardystio. Er mwyn cydymffurfio â'r gofyniad i hysbysu Llywodraeth Cymru am swm y cyfraniad, dylai’r awdurdodau drefnu i'r PDF a'r daenlen ardystiedig gael eu hanfon i Lywodraeth Cymru erbyn 17 Tachwedd 2026.
B328: Bydd yn ofynnol i archwilwyr ardystio bod pob ffigur wedi'i ddatgan yn deg ac wedi'i gyfrifo yn unol â'r Rheoliadau a’r nodiadau hyn.
B330: Fel yr esboniwyd ym mharagraff 6, bydd Llywodraeth Cymru yn llunio setliad dros dro o ran y cyfrif alldro ar sail y swm a ardystir gan y Prif Swyddog Cyllid ac yr hysbysir Llywodraeth Cymru amdano cyn iddo gael ei ardystio gan yr archwilwyr (‘swm ardystiedig’). Caiff unrhyw setliad terfynol ei lunio ar sail y swm ardystiedig.

Sheet Certificate
C2: =FrontPage!C2 -> Non-domestic rates final contributions return 2025-26 | J2: =+'NDR3'!O2 -> NDR3UnA
C4: ='NDR3'!C4 -> Authority code:0 | E4: ='NDR3'!G4 -> Authority:
C7: =+Language!D111 -> Certificate of Chief Financial Officer
C8: =Language!D112 -> I certify that the entries in Part 1 have been calculated in accordance with the Non-Domestic Rating Contributions (Wales) Regulations 1992 (SI 1992/3238) as amended. I certify that Parts 1 and 2 have been completed in accordance with the relevant guidance notes and that the entry in line 24 (Allowance for costs of collection) has been calculated in accordance with the number of hereditaments and aggregate rateable values shown in the rating list for my authority on 31 December 2025
C9: =+Language!D113 -> I certify that the entries on this form are the best that I can make on the information available to me.
C10: =+Language!D114 -> Signature of Chief Financial Officer:
C11: =+Language!D115 -> Date:
C13: =" "&Language!D116 -> Certificate of the Auditor General for Wales
C14: =+Language!D117 -> The Statement of Responsibilities of grant-paying and receiving bodies, the Auditor General for Wales and auditors who work under his arrangements for certifying claims and returns sets out the respective responsibilities of these parties. It also sets out the limitations of the responsibilities of the Auditor General for Wales and the auditors working under his arrangements.
C15: =+Language!D118 -> I / We have examined the entries in this form (which replaces or amends the original submitted to me / us by the receiving body dated __________)* and the related accounts and records of the receiving body in accordance with Certification Instruction A01, and have carried out the tests in Certification Instruction number ___________ and obtained such evidence and explanations as I / we consider necessary.
C16: =+Language!D119 -> (Except for the matters raised in the attached qualification letter dated_______________________)*
C17: =+Language!D120 -> I / we have concluded that nothing has come to our attention to indicate that the claim or return:
C18: =+Language!D121 -> - is not fairly stated; and
C19: =+Language!D122 -> - is not in accordance with the relevant terms and conditions.
C20: =+Language!D123 -> Signature: | G20: =+Language!D125 -> (on behalf of the Auditor General for Wales) *
C21: =+Language!D124 -> Name (block capitals):
C23: =Language!D126 -> Date:
C25: =Language!D127 -> *Delete as necessary

Sheet ValidationSheet
C2: =+FrontPage!C2 -> Non-domestic rates final contributions return 2025-26 | G2: =+FrontPage!L2 -> NDR3UnA
C4: ='NDR3'!C4 -> Authority code:0 | D4: ='NDR3'!G4 -> Authority:
C7: =Language!D128 -> Validation checks
C8: =Language!D129 -> If the blue boxes are empty then your form has passed our validation checks.
C10: =Language!D131 -> Any large % changes in reliefs between NDR3 and NDR1 need to be explained in the relevant boxes next to the test. | M10: NDR1
C11: =Language!D132 -> If you see the message #DIV/0! in any blue box please provide an explanation | M11: NDR2
C12: =Language!D133 -> (#DIV/0! means that there was no estimate on your NDR1 but there is a figure on your NDR3)
C15: =Language!D136 -> Part 2
C17: =Language!D138 -> DISCRETIONARY RELIEF | K17: Set all text outside the box to grey
K18: PLEASE DO NOT DELETE
C19: =Language!D140 -> Test 1: Compares Discretionary relief for Charities on NDR3 with NDR1 line 11 | K19: =YearCode -> 202526
C20: =Language!D141 -> (tolerance plus or minus 50%)
C21: =Language!D142 -> Line 17 | E21: =VLOOKUP(J21,_NDR3,13,FALSE) -> 0 | G21: =Language!$D$235 -> Reason for differences | J21: 17 | K21: =YearCode -> 202526 | M21: check for NDR2
C22: =Language!D143 -> NDR1, 2025-26, "line11 | E22: =-VLOOKUP($K21&$K22&UANumber&J23&$K23,NDRData,2,FALSE) -> #N/A | K22: NNDR1 | M22: NDR2, line 14 total
C23: =Language!D144 -> If the actual difference is less than £10,000 - then go to the next test | E23: =IF((E21-E22)>10000,E21-E22,IF(E21-E22<-10000,(E21-E22),"go to next test")) -> #N/A | J23: 11
E24: =IF(E23="go to next test","",((E21-E22)/E22)) -> #N/A
C25: =Language!D146 -> If the blue box contains an X
C26: =Language!D147 -> please explain the reason for the change in the box on the right | E26: =IF(E23="go to next test","",IF(ABS(E23)>0.5,"X",IF(ABS(E23)<10000,"","X"))) -> #N/A
C28: =Language!D149 -> Test 2: Compares Discretionary Relief for non-profit making bodies on NDR3 with NDR1 line 13
C29: =Language!D150 -> (tolerance plus or minus 50%)
C30: =Language!D151 -> Line 18 | E30: =VLOOKUP(J30,_NDR3,13,FALSE) -> 0 | G30: =Language!$D$235 -> Reason for differences | J30: 18
C31: =Language!D152 -> NDR1, 2025-26, line 13 | E31: =-VLOOKUP($K21&$K22&UANumber&J31&$K23,NDRData,2,FALSE) -> #N/A | J31: 13
C32: =Language!D153 -> If the actual difference is less than £10,000 - then go to the next test | E32: =IF((E30-E31)>10000,E30-E31,IF(E30-E31<-10000,(E30-E31),"go to next test")) -> #N/A
C33: =Language!D154 -> If the blue box contains an X | E33: =IF(E32="go to next test","",((E30-E31)/E31)) -> #N/A
C34: =Language!D155 -> please explain the reason for the change in the box on the right | E34: =IF(E32="go to next test","",IF(ABS(E33)>0.5,"X",IF(ABS(E32)<10000,"","X"))) -> #N/A
C36: =Language!D157 -> LOSSES IN COLLECTION
C38: =Language!D159 -> Test 3: Measure of the proportion of losses in collection to net yield (tolerance 6%)
C39: =Language!D160 -> Line 25, Losses in collection | E39: =VLOOKUP(J39,_NDR3,13,FALSE) -> 0 | G39: =Language!$D$235 -> Reason for differences | J39: 25
C40: =Language!D161 -> Line 23, Net Yield | E40: =VLOOKUP(J40,_NDR3,13,FALSE) -> 0 | J40: 23
C41: =Language!D162 -> If the blue box contains an X | E41: =(E39/E40) -> #DIV/0!
C42: =Language!D163 -> please explain the reason for the change in the box on the right | E42: =IF(E41>0.06,"X","") -> #DIV/0!
C44: =Language!D165 -> REFUND OF OVERPAYMENTS
C46: =Language!D167 -> Test 4: Measure of the proportion of refund of overpayments to net yield (tolerance 2%)
C47: =Language!D168 -> Line 26, Refund of overpayments | E47: =VLOOKUP(J47,_NDR3,13,FALSE) -> 0 | G47: =Language!$D$235 -> Reason for differences | J47: 26
C48: =Language!D169 -> Line 23, Net Yield | E48: =VLOOKUP(J48,_NDR3,13,FALSE) -> 0 | J48: 23
C49: =Language!D170 -> If the blue box contains an X | E49: =(+E47/E48) -> #DIV/0!
C50: =Language!D171 -> please explain the reason for the change in the box on the right | E50: =IF(E49>0.02,"X","") -> #DIV/0!
C52: =Language!D173 -> Part 1
C54: =Language!D175 -> GROSS RATES PAYABLE
C56: =Language!D177 -> Test 5: Compares Gross Rates Payable with the RV given on NDR1 2025-26 multiplied by the 2024-25 multiplier
C57: =Language!D178 -> (tolerance plus or minus 20%) | M57: 27375641
C58: =Language!D179 -> Line 1, Gross Rates Payable | E58: =VLOOKUP(J58,_NDR3,13,FALSE) -> 0 | G58: =Language!$D$235 -> Reason for differences | J58: 1
C59: =Language!D180 -> NDR1 2025-26, line 2, Rateable Value * | D59: =VLOOKUP(Year_Less_1,_RV,3,FALSE)/100 -> 0.562 | E59: =VLOOKUP($K19&$K22&UANumber&J59&$K23,NDRData,2,FALSE)*D59 -> #N/A | J59: 2 | M59: NDR2, line 6 total
C60: =Language!D181 -> If the blue box contains an X | E60: =((E58-E59)/E59) -> #N/A
C61: =Language!D182 -> please explain the reason for the change in the box on the right | E61: =IF(E60>0.2,"X",IF(E60<-0.2,"X","")) -> #N/A
C63: =Language!D184 -> MANDATORY RELIEFS
C65: =Language!D186 -> Test 6: Compares reductions under charitable occupation, NDR3 with NDR1
C66: =Language!D187 -> (tolerance plus or minus 20%)
C67: =Language!D188 -> Line 5 | E67: =VLOOKUP(J67,_NDR3,13,FALSE) -> 0 | G67: =Language!$D$235 -> Reason for differences | J67: 5
C68: =Language!D189 -> NDR1, 2025-26, line 4 or NDR2, line 9 | E68: =-VLOOKUP($K21&$K22&UANumber&J68&$K23,NDRData,2,FALSE) -> #N/A | J68: 4 | M68: NDR2, line 7 total
C69: =Language!D190 -> If the actual difference is less than £1,000 - then go to the next test | E69: =IF((E67-E68)>1000,E67-E68,IF(E67-E68<-1000,(E67-E68),"go to next test")) -> #N/A
C70: =Language!D191 -> If the blue box contains an X | E70: =IF(E69="go to next test","",((E67-E68)/E68)) -> #N/A
C71: =Language!D192 -> please explain the reason for the change in the box on the right | E71: =IF(E69="go to next test","",IF(ABS(E69)<1000,"",IF(ABS(E70)>0.2,"X",""))) -> #N/A
C73: =Language!D194 -> Test 7: Compares reductions under community amateur sports clubs NDR3 with NDR1
C74: =Language!D195 -> (tolerance plus or minus 20%)
C75: =Language!D196 -> Line 6.5 | E75: =VLOOKUP(J75,_NDR3,13,FALSE) -> 0 | G75: =Language!$D$235 -> Reason for differences | J75: 6.5
C76: =Language!D197 -> NDR1, 2025-26 line 5 | E76: =-VLOOKUP($K21&$K22&UANumber&J76&$K23,NDRData,2,FALSE) -> #N/A | J76: 5 | M76: NDR2, line 8 total
C77: =Language!D198 -> If the actual difference is less than £1,000 - then go to the next test | E77: =IF((E75-E76)>1000,E75-E76,IF(E75-E76<-1000,(E75-E76),"go to next test")) -> #N/A
C78: =Language!D199 -> If the blue box contains an X | E78: =IF(E77="go to next test","",((E75-E76)/E76)) -> #N/A
C79: =Language!D200 -> please explain the reason for the change in the box on the right | E79: =IF(E77="go to next test","",IF(ABS(E77)<1000,"",IF(ABS(E78)>0.2,"X",""))) -> #N/A
C81: =Language!D202 -> Test 8: Compares reductions under small business rate relief NDR3 with NDR1
C82: =Language!D203 -> (tolerance plus or minus 20%)
C83: =Language!D204 -> Line 8.6 plus 8.7 plus 8.8 | E83: =VLOOKUP(J83,_NDR3,13,FALSE)+VLOOKUP(J84,_NDR3,13,FALSE)+VLOOKUP(J85,_NDR3,13,FALSE) -> 0 | G83: =Language!$D$235 -> Reason for differences | J83: 8.6 | K83: =$K$19 -> 202526
C84: =Language!D205 -> NDR1, 2025-26 line 6.9 | E84: =-VLOOKUP($K83&$K84&UANumber&K86&$K87,NDRData,2,FALSE) -> #N/A | J84: 8.7 | K84: NNDR1 | M84: NDR2, line 9.12 and 9.2 total
C85: =Language!D206 -> If the actual difference is less than £1,000 - then go to the next test | E85: =IF((E83-E84)>1000,E83-E84,IF(E83-E84<-1000,(E83-E84),"go to next test")) -> #N/A | J85: 8.8
C86: =Language!D207 -> If the blue box contains an X | E86: =IF(E85="go to next test","",((E83-E84)/E84)) -> #N/A | K86: 6.9
C87: =Language!D208 -> please explain the reason for the change in the box on the right | E87: =IF(E85="go to next test","",IF(ABS(E85)<1000,"",IF(ABS(E86)>0.2,"X",""))) -> #N/A
C89: =Language!D210 -> Test 9: Compares reductions under Partly occupied premises NDR3 and NDR1
C90: =Language!D211 -> (tolerance plus or minus 20%)
C91: =Language!D212 -> Line 9, in respect of current year | E91: =VLOOKUP(J91,_NDR3,13,FALSE) -> 0 | G91: =Language!$D$235 -> Reason for differences | J91: 9 | K91: =$K$19 -> 202526
C92: =Language!D213 -> NDR1, 2025-26 line 7 | E92: =-VLOOKUP($K91&$K92&UANumber&K93&$K94,NDRData,2,FALSE) -> #N/A | K92: NNDR1 | M92: NDR2, line 10 total
C93: =Language!D214 -> If the actual difference is less than £25,000 - then go to the next test | E93: =IF((E91-E92)>25000,E91-E92,IF(E91-E92<-25000,(E91-E92),"go to next test")) -> #N/A | K93: 7
C94: =Language!D215 -> If the blue box contains an X | E94: =IF(E93="go to next test","",((E91-E92)/E92)) -> #N/A
C95: =Language!D216 -> please explain the reason for the change in the box on the right | E95: =IF(E93="go to next test","",IF(ABS(E93)<25000,"",IF(ABS(E94)>0.2,"X",""))) -> #N/A
C97: =Language!D218 -> Test 10: Compares reductions under unoccupied hereditaments NDR3 and NDR1
C98: =Language!D219 -> (tolerance plus or minus 20%)
C99: =Language!D220 -> Line 11, in respect of current year | E99: =VLOOKUP(J99,_NDR3,13,FALSE) -> 0 | G99: =Language!$D$235 -> Reason for differences | J99: 11 | K99: =$K$19 -> 202526
C100: =Language!D221 -> NDR1, 2025-26 line 8 | E100: =-VLOOKUP($K99&$K100&UANumber&K101&$K102,NDRData,2,FALSE) -> #N/A | K100: NNDR1 | M100: NDR2, line 11 total
C101: =Language!D222 -> If the actual difference is less than £25,000 - then go to the next test | E101: =IF((E99-E100)>25000,E99-E100,IF(E99-E100<-25000,(E99-E100),"go to next test")) -> #N/A | K101: 8
C102: =Language!D223 -> If the blue box contains an X | E102: =IF(E101="go to next test","",((E99-E100)/E100)) -> #N/A
C103: =Language!D224 -> please explain the reason for the change in the box on the right | E103: =IF(E101="go to next test","",IF(ABS(E101)<25000,"",IF(ABS(E102)>0.2,"X",""))) -> #N/A
C105: =Language!D226 -> ARREARS
C107: =Language!D228 -> Test 11: Check percentage increase in Estimated gross arrears of all non-domestic rates
C108: =Language!D229 -> 31 March 2025 with 31 March 2024
C109: =Language!D230 -> Line 14 | E109: =VLOOKUP(J109,_NDR3,13,FALSE) -> 0 | G109: =Language!$D$235 -> Reason for differences | J109: 14 | K109: =$K$19-101 -> 202425
C110: =Language!D231 -> NDR3, 2024-25 line 14 | E110: =VLOOKUP($K109&$K110&UANumber&K111,NDRData,2,FALSE) -> #N/A | K110: NNDR3A
C111: =Language!D232 -> If the difference is less £500,000 then no explanation is required | E111: =IF(ABS(E109-E110)>500000,E109-E110,"") -> #N/A | K111: 14
C112: =Language!D233 -> If the blue box contains an X | E112: =((E109-E110)/E110) -> #N/A
C113: =Language!D234 -> please explain the above 20% increase in arrears | E113: =IF(E111="","",IF(ABS(E111)<500000,"",IF(ABS(E112)>0.2,"X",""))) -> #N/A

Sheet Language
B1: Eng | C1: Cym | D1: Use
B2: Front Page | C2: Tudalen flaen
B3: Non-domestic rates final contributions return 2025-26 | C3: Ffurflen cyfraniadau terfynol ardrethi annomestig 2025-26 | D3: =IF(Lang="Eng",B3,IF(Lang="Cym",C3,"")) -> Non-domestic rates final contributions return 2025-26
B4: Please select the type of return: | C4: Dewiswch y math o ffurflen: | D4: =IF(Lang="Eng",B4,IF(Lang="Cym",C4,"")) -> Please select the type of return:
B5: Billing Authorities only | C5: Awdurdodau bilio un unig | D5: =IF(Lang="Eng",B5,IF(Lang="Cym",C5,"")) -> Billing Authorities only
B6: Please amend the details for your authority below if necessary: | C6: Diwygiwch fanylion eich awdurdod isod os oes angen: | D6: =IF(Lang="Eng",B6,IF(Lang="Cym",C6,"")) -> Please amend the details for your authority below if necessary:
B7: Please give the name and telephone number of the person who we may contact in case of queries:- | C7: Rhowch enw a rhif ffôn y person y gallwn gysylltu ag ef os bydd gennym unrhyw ymholiadau:- | D7: =IF(Lang="Eng",B7,IF(Lang="Cym",C7,"")) -> Please give the name and telephone number of the person who we may contact in case of queries:-
B8: Name: | C8: Enw: | D8: =IF(Lang="Eng",B8,IF(Lang="Cym",C8,"")) -> Name:
B9: E-mail: | C9: E-bost: | D9: =IF(Lang="Eng",B9,IF(Lang="Cym",C9,"")) -> E-mail:
B10: Telephone: | C10: Ffôn: | D10: =IF(Lang="Eng",B10,IF(Lang="Cym",C10,"")) -> Telephone:
B11: STD code | C11: Côd STD: | D11: =IF(Lang="Eng",B11,IF(Lang="Cym",C11,"")) -> STD code
B12: Number and extension: | C12: Rhif ac estyniad: | D12: =IF(Lang="Eng",B12,IF(Lang="Cym",C12,"")) -> Number and extension:
B13: The information on this form must be submitted to the Welsh Government under Schedule 8 of the Local Government Finance Act 1988 | C13: Mae'n rhaid cyflwyno'r wybodaeth ar y fflurfen hon i Llywodraeth Cymru o dan Atodlen 8 i Ddeddf Cyllid Llywodraeth Leol 1988 | D13: =IF(Lang="Eng",B13,IF(Lang="Cym",C13,"")) -> The information on this form must be submitted to the Welsh Government under Schedule 8 of the Local Government Finance Act 1988
B14: An electronic copy of the spreadsheet and a signed scanned PDF version must be returned via email to the Welsh Government by | C14: Rhaid dychwelyd copi electronig o'r daenlen a fersiwn PDF wedi'i llofnodi a sganio drwy e-bost i Lywodraeth Cymru erbyn | D14: =IF(Lang="Eng",B14,IF(Lang="Cym",C14,"")) -> An electronic copy of the spreadsheet and a signed scanned PDF version must be returned via email to the Welsh Government by
B15: ="1 June "&Year_Now -> 1 June 2026 | C15: ="1 Mehefin "&Year_Now -> 1 Mehefin 2026 | D15: =IF(Lang="Eng",B15,IF(Lang="Cym",C15,"")) -> 1 June 2026
B16: A signed copy of the form must be passed to the auditor appointed by Audit Wales with a request that the certified scanned PDF be emailed to the Welsh Government by | C16: Rhaid trosglwyddo copi wedi'i lofnodi o'r ffurflen i'r archwilydd a benodwyd gan Archwilio Cymru gan ofyn iddo e-bostio'r PDF ardystiedig wedi’i sganio i Lywodraeth Cymru erbyn | D16: =IF(Lang="Eng",B16,IF(Lang="Cym",C16,"")) -> A signed copy of the form must be passed to the auditor appointed by Audit Wales with a request that the certified scanned PDF be emailed to the Welsh Government by
B17: ="17 November "&Year_Now -> 17 November 2026 | C17: ="17 Tachwedd "&Year_Now -> 17 Tachwedd 2026 | D17: =IF(Lang="Eng",B17,IF(Lang="Cym",C17,"")) -> 17 November 2026
B18: Please email a completed spreadsheet to: | C18: Ar ôl ei chwblhau, e-bostiwch y daenlen i: | D18: =IF(Lang="Eng",B18,IF(Lang="Cym",C18,"")) -> Please email a completed spreadsheet to:
B19: ndrforms@gov.wales | C19: FfurflenniNDR@llyw.cymru | D19: =IF(Lang="Eng",B19,IF(Lang="Cym",C19,"")) -> ndrforms@gov.wales
B20: PLEASE ENSURE THAT ALL BLANK CELLS ARE POPULATED WITH ZEROS. | C20: DYLECH ROI SERO YM MHOB CELL WAG. | D20: =IF(Lang="Eng",B20,IF(Lang="Cym",C20,"")) -> PLEASE ENSURE THAT ALL BLANK CELLS ARE POPULATED WITH ZEROS.
B21: For any enquiries please contact: | C21: Dylid cyfeirio unrhyw ymholiadau at: | D21: =IF(Lang="Eng",B21,IF(Lang="Cym",C21,"")) -> For any enquiries please contact:
B22: ndrforms@gov.wales | C22: NDRforms@gov.wales | D22: =IF(Lang="Eng",B22,IF(Lang="Cym",C22,"")) -> ndrforms@gov.wales
B23: Or | C23: Neu | D23: =IF(Lang="Eng",B23,IF(Lang="Cym",C23,"")) -> Or
A24: Page 1 | B24: Authority code: | C24: Cod awdurdod: | D24: =IF(Lang="Eng",B24,IF(Lang="Cym",C24,"")) -> Authority code:
B25: Authority: | C25: Awdurdod: | D25: =IF(Lang="Eng",B25,IF(Lang="Cym",C25,"")) -> Authority:
B26: Part 1 - Preliminary information (Please enter all amounts to the nearest pound) | C26: Rhan 1 - Gwybodaeth ragarweiniol (Nodwch bob swm i'r bunt agosaf) | D26: =IF(Lang="Eng",B26,IF(Lang="Cym",C26,"")) -> Part 1 - Preliminary information (Please enter all amounts to the nearest pound)
B27: £ pounds | C27: £ punnoedd | D27: =IF(Lang="Eng",B27,IF(Lang="Cym",C27,"")) -> £ pounds
B28: Gross rates payable | C28: Ardrethi gros sy'n daladwy | D28: =IF(Lang="Eng",B28,IF(Lang="Cym",C28,"")) -> Gross rates payable
B29: in respect of this current year | C29: mewn perthynas â'r flwyddyn gyfredol hon | D29: =IF(Lang="Eng",B29,IF(Lang="Cym",C29,"")) -> in respect of this current year
B30: net amounts in respect of previous years | C30: symiau net mewn perthynas â blynyddoedd blaenorol | D30: =IF(Lang="Eng",B30,IF(Lang="Cym",C30,"")) -> net amounts in respect of previous years
B31: Mandatory reliefs (please show the estimated lost yield as positive) | C31: Rhyddhad gorfodol (dangoswch yr amcangyfrif o'r arenillion a gollwyd fel ffigur cadarnhaol) | D31: =IF(Lang="Eng",B31,IF(Lang="Cym",C31,"")) -> Mandatory reliefs (please show the estimated lost yield as positive)
B32: Section 58 (revaluation transitional relief) | C32: Adran 58 (rhyddhad trosiannol ailbrisio) | D32: =IF(Lang="Eng",B32,IF(Lang="Cym",C32,"")) -> Section 58 (revaluation transitional relief)
B33: in respect of this current year | C33: mewn perthynas â'r flwyddyn gyfredol hon | D33: =IF(Lang="Eng",B33,IF(Lang="Cym",C33,"")) -> in respect of this current year
B34: net amounts in respect of previous years | C34: symiau net mewn perthynas â blynyddoedd blaenorol | D34: =IF(Lang="Eng",B34,IF(Lang="Cym",C34,"")) -> net amounts in respect of previous years
B35: Reductions under: | C35: Gostyngiadau o dan | D35: =IF(Lang="Eng",B35,IF(Lang="Cym",C35,"")) -> Reductions under:
B36: Schedule 4ZA para 2(2)(a) (charitable occupation) | C36: Atodlen 4ZA para 2(2)(a) (meddiannaeth elusennol) | D36: =IF(Lang="Eng",B36,IF(Lang="Cym",C36,"")) -> Schedule 4ZA para 2(2)(a) (charitable occupation)
... B92: Welsh Government Administration use only | C92: Ar gyfer defnydd gweinyddol Llywodraeth Cymru yn unig | D92: =IF(Lang="Eng",B92,IF(Lang="Cym",C92,"")) -> Welsh Government Administration use only
A93: S.R.B. | B93: Please feel free to add any comments | C93: Mae croeso i chi ychwanegu unrhyw sylwadau | D93: =IF(Lang="Eng",B93,IF(Lang="Cym",C93,"")) -> Please feel free to add any comments
B94: The Welsh Government are monitoring the burden of completing this data collection form. | C94: Mae Llywodraeth Cymru yn monitro'r baich o lenwi'r ffurflen casglu data hon. | D94: =IF(Lang="Eng",B94,IF(Lang="Cym",C94,"")) -> The Welsh Government are monitoring the burden of completing this data collection form.
B95: Hours taken | C95: Nifer yr oriau | D95: =IF(Lang="Eng",B95,IF(Lang="Cym",C95,"")) -> Hours taken
B96: Please enter the time it has taken you (and any colleagues) to prepare and send the return. | C96: Nodwch yr amser a gymerwyd gennych chi (ac unrhyw gydweithwyr) i baratoi ac anfon y ffurflen. | D96: =IF(Lang="Eng",B96,IF(Lang="Cym",C96,"")) -> Please enter the time it has taken you (and any colleagues) to prepare and send the return.
B97: Please Comment | C97: Rhowch sylw | D97: =IF(Lang="Eng",B97,IF(Lang="Cym",C97,"")) -> Please Comment
B98: We are continually striving to improve the form to make it easier to complete, whilst still ensuring data integrity and consistency across all authorities. If you have any comments or suggestions that may be useful, please note them below: | C98: Rydym bob amser yn ceisio gwella'r ffurflen i'w gwneud yn haws i'w llenwi, gan barhau i sicrhau cywirdeb data a chysondeb ar gyfer yr holl awdurdodau. Os oes gennych unrhyw sylwadau neu awgrymiadau a allai fod yn ddefnyddiol, nodwch nhw isod: | D98: =IF(Lang="Eng",B98,IF(Lang="Cym",C98,"")) -> We are continually striving to improve the form to make it easier to complete, whilst still ensuring data integrity and consistency across all authorities. If you have any comments or suggestions that may be useful, please note them below:
B99: General Comments | C99: Sylwadau cyffredinol | D99: =IF(Lang="Eng",B99,IF(Lang="Cym",C99,"")) -> General Comments
B100: Survey Response Burden | C100: Y Baich o Ymateb i'r Arolwg | D100: =IF(Lang="Eng",B100,IF(Lang="Cym",C100,"")) -> Survey Response Burden
B101: Please only include time spent on activities to prepare and send this return, such as: | C101: Dylech gynnwys yr amser a dreuliwyd ar weithgarwch i baratoi ac anfon y ffurflen hon yn unig, megis: | D101: =IF(Lang="Eng",B101,IF(Lang="Cym",C101,"")) -> Please only include time spent on activities to prepare and send this return, such as:
B102: collection, analysis and aggregation of records and data required; | C102: casglu, dadansoddi a chyfuno'r cofnodion a'r data gofynnol; | D102: =IF(Lang="Eng",B102,IF(Lang="Cym",C102,"")) -> collection, analysis and aggregation of records and data required;
B103: completing, checking, amending and approving the form. | C103: cwblhau, gwirio, diwygio a chymeradwyo'r ffurflen. | D103: =IF(Lang="Eng",B103,IF(Lang="Cym",C103,"")) -> completing, checking, amending and approving the form.
B104: Validation | C104: Dilysu | D104: =IF(Lang="Eng",B104,IF(Lang="Cym",C104,"")) -> Validation
A105: Comments | B105: We are continually striving to improve the form to make it easier to complete, whilst still ensuring data integrity and consistency across all authorities. If you have any comments or suggestions that may be useful, please note them below: | C105: Rydym bob amser yn ceisio gwella'r ffurflen i'w gwneud yn haws i'w llenwi, gan barhau i sicrhau cywirdeb data a chysondeb ar gyfer yr holl awdurdodau. Os oes gennych unrhyw sylwadau neu awgrymiadau a allai fod yn ddefnyddiol, nodwch nhw isod: | D105: =IF(Lang="Eng",B105,IF(Lang="Cym",C105,"")) -> We are continually striving to improve the form to make it easier to complete, whilst still ensuring data integrity and consistency across all authorities. If you have any comments or suggestions that may be useful, please note them below:
B106: Form Design | C106: Dyluniad y ffurflen | D106: =IF(Lang="Eng",B106,IF(Lang="Cym",C106,"")) -> Form Design
B107: Validation | C107: Dilysu | D107: =IF(Lang="Eng",B107,IF(Lang="Cym",C107,"")) -> Validation
B108: Documentation | C108: Dogfennaeth | D108: =IF(Lang="Eng",B108,IF(Lang="Cym",C108,"")) -> Documentation
B109: General comments | C109: Sylwadau cyffredinol | D109: =IF(Lang="Eng",B109,IF(Lang="Cym",C109,"")) -> General comments
B110: Please comment | C110: Rhowch sylw | D110: =IF(Lang="Eng",B110,IF(Lang="Cym",C110,"")) -> Please comment
A111: Certificate | B111: Certificate of Chief Financial Officer | C111: Tystysgrif y Prif Swyddog Cyllid | D111: =IF(Lang="Eng",B111,IF(Lang="Cym",C111,"")) -> Certificate of Chief Financial Officer
B112: I certify that the entries in Part 1 have been calculated in accordance with the Non-Domestic Rating Contributions (Wales) Regulations 1992 (SI 1992/3238) as amended. I certify that Parts 1 and 2 have been completed in accordance with the relevant guidance notes and that the entry in line 24 (Allowance for costs of collection) has been calculated in accordance with the number of hereditaments and aggregate rateable values shown in the rating list for my authority on 31 December 2025 | C112: Ardystiaf fod y ffigurau a nodir yn Rhan 1 wedi'u cyfrifo yn unol â Rheoliadau Cyfraniadau Ardrethu Annomestig (Cymru) 1992 (OS 1992/3238) fel y'u diwygiwyd. Ardystiaf fod Rhannau 1 a 2 wedi'u cwblhau yn unol â'r nodiadau cyfarwyddyd perthnasol a bod y ffigur a nodir yn llinell 24 (Lwfans ar gyfer costau casglu) wedi'i gyfrifo yn unol â nifer yr hereditamentau a'r gwerthoedd ardrethol cyfunol a ddangosir yn y rhestr ardrerthu ar gyfer fy awdurdod ar 31 Rhagfyr 2025 | D112: =IF(Lang="Eng",B112,IF(Lang="Cym",C112,"")) -> I certify that the entries in Part 1 have been calculated in accordance with the Non-Domestic Rating Contributions (Wales) Regulations 1992 (SI 1992/3238) as amended. I certify that Parts 1 and 2 have been completed in accordance with the relevant guidance notes and that the entry in line 24 (Allowance for costs of collection) has been calculated in accordance with the number of hereditaments and aggregate rateable values shown in the rating list for my authority on 31 December 2025
B113: I certify that the entries on this form are the best that I can make on the information available to me. | C113: Ardystiaf fod yr wybodaeth a nodir ar y ffurflen hon y gorau y gall fod ar sail y wybodaeth sydd ar gael i mi. | D113: =IF(Lang="Eng",B113,IF(Lang="Cym",C113,"")) -> I certify that the entries on this form are the best that I can make on the information available to me.
B114: Signature of Chief Financial Officer: | C114: Llofnod y Prif Swyddog Ariannol: | D114: =IF(Lang="Eng",B114,IF(Lang="Cym",C114,"")) -> Signature of Chief Financial Officer:
B115: Date: | C115: Dyddiad: | D115: =IF(Lang="Eng",B115,IF(Lang="Cym",C115,"")) -> Date:
B116: Certificate of the Auditor General for Wales | C116: Tystysgrif Archwilydd Cyffredinol Cymru | D116: =IF(Lang="Eng",B116,IF(Lang="Cym",C116,"")) -> Certificate of the Auditor General for Wales
B117: The Statement of Responsibilities of grant-paying and receiving bodies, the Auditor General for Wales and auditors who work under his arrangements for certifying claims and returns sets out the respective responsibilities of these parties. It also sets out the limitations of the responsibilities of the Auditor General for Wales and the auditors working under his arrangements. | C117: Mae'r Datganiad o Gyfrifoldebau cyrff sy'n talu ac yn derbyn grantiau, Archwilydd Cyffredinol Cymru ac archwilwyr sy'n gweithio o dan ei drefniadau ar gyfer ardystio hawliadau a ffurflenni yn nodi priod gyfrifoldebau y partïon hyn. Mae hefyd yn nodi cyfyngiadau cyfrifoldebau Archwilydd Cyffredinol Cymru a'r archwilwyr sy'n gweithio o dan ei drefniadau. | D117: =IF(Lang="Eng",B117,IF(Lang="Cym",C117,"")) -> The Statement of Responsibilities of grant-paying and receiving bodies, the Auditor General for Wales and auditors who work under his arrangements for certifying claims and returns sets out the respective responsibilities of these parties. It also sets out the limitations of the responsibilities of the Auditor General for Wales and the auditors working under his arrangements.
B118: I / We have examined the entries in this form (which replaces or amends the original submitted to me / us by the receiving body dated __________)* and the related accounts and records of the receiving body in accordance with Certification Instruction A01, and have carried out the tests in Certification Instruction number ___________ and obtained such evidence and explanations as I / we consider necessary. | C118: Rwyf / Rydym wedi archwilio'r ffigurau a nodir yn y ffurflen hon (sy'n disodli neu'n diwygio'r ffurflen wreiddiol a gyflwynwyd i mi / ni gan y corff sy'n derbyn dyddiedig __________)* a chyfrifon a chofnodion y corff sy'n derbyn yn unol â Chyfarwyddyd Ardystio A01, ac wedi cynnal y profion yng Nghyfarwyddyd Ardystio rhif ___________ ac wedi cael y cyfryw dystiolaeth ac esboniadau ag sydd ei hangen, yn fy marn i / ein barn ni. | D118: =IF(Lang="Eng",B118,IF(Lang="Cym",C118,"")) -> I / We have examined the entries in this form (which replaces or amends the original submitted to me / us by the receiving body dated __________)* and the related accounts and records of the receiving body in accordance with Certification Instruction A01, and have carried out the tests in Certification Instruction number ___________ and obtained such evidence and explanations as I / we consider necessary.
B119: (Except for the matters raised in the attached qualification letter dated_______________________)* | C119: (Ac eithrio'r materion a godir yn y llythyr amodi atodedig dyddiedig___________________)* | D119: =IF(Lang="Eng",B119,IF(Lang="Cym",C119,"")) -> (Except for the matters raised in the attached qualification letter dated_______________________)*
B120: I / we have concluded that nothing has come to our attention to indicate that the claim or return: | C120: Rwyf / rydym wedi dod i'r casgliad nad oes unrhyw beth wedi dod i'n sylw i awgrymu nad yw'r hawliad neu'r ffurflen: | D120: =IF(Lang="Eng",B120,IF(Lang="Cym",C120,"")) -> I / we have concluded that nothing has come to our attention to indicate that the claim or return:
B121: - is not fairly stated; and | C121: - wedi'i ddatgan/datgan yn deg; ac | D121: =IF(Lang="Eng",B121,IF(Lang="Cym",C121,"")) -> - is not fairly stated; and
B122: - is not in accordance with the relevant terms and conditions. | C122: - yn unol â'r telerau ac amodau perthnasol. | D122: =IF(Lang="Eng",B122,IF(Lang="Cym",C122,"")) -> - is not in accordance with the relevant terms and conditions.
B123: Signature: | C123: Llofnod: | D123: =IF(Lang="Eng",B123,IF(Lang="Cym",C123,"")) -> Signature:
... B127: *Delete as necessary | C127: *Dilëwch fel y bo angen | D127: =IF(Lang="Eng",B127,IF(Lang="Cym",C127,"")) -> *Delete as necessary
A128: Validation | B128: Validation checks | C128: Gwiriadau dilysu | D128: =IF(Lang="Eng",B128,IF(Lang="Cym",C128,"")) -> Validation checks
B129: If the blue boxes are empty then your form has passed our validation checks. | C129: Os yw'r blychau glas yn wag mae eich ffurflen wedi pasio ein gwiriadau dilysu. | D129: =IF(Lang="Eng",B129,IF(Lang="Cym",C129,"")) -> If the blue boxes are empty then your form has passed our validation checks.
D130: =IF(Lang="Eng",B130,IF(Lang="Cym",C130,""))
B131: Any large % changes in reliefs between NDR3 and NDR1 need to be explained in the relevant boxes next to the test. | C131: Mae angen esbonio unrhyw newidiadau canrannol mawr mewn rhyddhad rhwng NDR3 ac NDR1 yn y blychau perthnasol wrth ochr y testun. | D131: =IF(Lang="Eng",B131,IF(Lang="Cym",C131,"")) -> Any large % changes in reliefs between NDR3 and NDR1 need to be explained in the relevant boxes next to the test.
B132: If you see the message #DIV/0! in any blue box please provide an explanation | C132: Os gwelwch y neges #DIV/0! mewn unrhyw flwch glas rhowch esboniad | D132: =IF(Lang="Eng",B132,IF(Lang="Cym",C132,"")) -> If you see the message #DIV/0! in any blue box please provide an explanation
B133: (#DIV/0! means that there was no estimate on your NDR1 but there is a figure on your NDR3) | C133: (Mae #DIV/0! yn golygu nad oedd unrhyw amcangyfrif ar eich NDR1 ond bod ffigur ar eich NDR3) | D133: =IF(Lang="Eng",B133,IF(Lang="Cym",C133,"")) -> (#DIV/0! means that there was no estimate on your NDR1 but there is a figure on your NDR3)
D134: =IF(Lang="Eng",B134,IF(Lang="Cym",C134,""))
D135: =IF(Lang="Eng",B135,IF(Lang="Cym",C135,""))
B136: Part 2 | C136: Rhan 2 | D136: =IF(Lang="Eng",B136,IF(Lang="Cym",C136,"")) -> Part 2
D137: =IF(Lang="Eng",B137,IF(Lang="Cym",C137,""))
B138: DISCRETIONARY RELIEF | C138: RHYDDHAD YN ÔL DISGRESIWN | D138: =IF(Lang="Eng",B138,IF(Lang="Cym",C138,"")) -> DISCRETIONARY RELIEF
D139: =IF(Lang="Eng",B139,IF(Lang="Cym",C139,""))
B140: Test 1: Compares Discretionary relief for Charities on NDR3 with NDR1 line 11 | C140: Prawf 1: Mae'n cymharu Rhyddhad yn ôl disgresiwn ar gyfer Elusennau ar NDR3 ag NDR1 llinell 11 | D140: =IF(Lang="Eng",B140,IF(Lang="Cym",C140,"")) -> Test 1: Compares Discretionary relief for Charities on NDR3 with NDR1 line 11
B141: (tolerance plus or minus 50%) | C141: (goddefiant llai neu fwy 50%) | D141: =IF(Lang="Eng",B141,IF(Lang="Cym",C141,"")) -> (tolerance plus or minus 50%)
B142: Line 17 | C142: Llinell 17 | D142: =IF(Lang="Eng",B142,IF(Lang="Cym",C142,"")) -> Line 17
B143: NDR1, 2025-26, "line11 | C143: NDR1, 2025-26, llinell 11 | D143: =IF(Lang="Eng",B143,IF(Lang="Cym",C143,"")) -> NDR1, 2025-26, "line11
B144: If the actual difference is less than £10,000 - then go to the next test | C144: Os yw'r gwahaniaeth gwirioneddol yn llai na £10,000 - ewch i'r prawf nesaf | D144: =IF(Lang="Eng",B144,IF(Lang="Cym",C144,"")) -> If the actual difference is less than £10,000 - then go to the next test
D145: =IF(Lang="Eng",B145,IF(Lang="Cym",C145,""))
B146: If the blue box contains an X | C146: Os yw'r blwch glas yn cynnwys X | D146: =IF(Lang="Eng",B146,IF(Lang="Cym",C146,"")) -> If the blue box contains an X
B147: please explain the reason for the change in the box on the right | C147: rhowch y rheswm dros y newid yn y blwch ar y dde | D147: =IF(Lang="Eng",B147,IF(Lang="Cym",C147,"")) -> please explain the reason for the change in the box on the right
D148: =IF(Lang="Eng",B148,IF(Lang="Cym",C148,""))
B149: Test 2: Compares Discretionary Relief for non-profit making bodies on NDR3 with NDR1 line 13 | C149: Prawf 2: Mae'n cymharu Rhyddhad yn ôl Disgresiwn ar gyfer cyrff nad ydynt yn gwneud elw ar NDR3 ag NDR1 llinell 13 | D149: =IF(Lang="Eng",B149,IF(Lang="Cym",C149,"")) -> Test 2: Compares Discretionary Relief for non-profit making bodies on NDR3 with NDR1 line 13
B150: (tolerance plus or minus 50%) | C150: (goddefiant llai neu fwy 50%) | D150: =IF(Lang="Eng",B150,IF(Lang="Cym",C150,"")) -> (tolerance plus or minus 50%)
B151: Line 18 | C151: Llinell 18 | D151: =IF(Lang="Eng",B151,IF(Lang="Cym",C151,"")) -> Line 18
B152: NDR1, 2025-26, line 13 | C152: NDR1, 2025-26, llinell 13 | D152: =IF(Lang="Eng",B152,IF(Lang="Cym",C152,"")) -> NDR1, 2025-26, line 13
B153: If the actual difference is less than £10,000 - then go to the next test | C153: Os yw'r gwahaniaeth gwirioneddol yn llai na £10,000 - ewch i'r prawf nesaf | D153: =IF(Lang="Eng",B153,IF(Lang="Cym",C153,"")) -> If the actual difference is less than £10,000 - then go to the next test
B154: If the blue box contains an X | C154: Os yw'r blwch glas yn cynnwys X | D154: =IF(Lang="Eng",B154,IF(Lang="Cym",C154,"")) -> If the blue box contains an X
B155: please explain the reason for the change in the box on the right | C155: rhowch y rheswm dros y newid yn y blwch ar y dde | D155: =IF(Lang="Eng",B155,IF(Lang="Cym",C155,"")) -> please explain the reason for the change in the box on the right
D156: =IF(Lang="Eng",B156,IF(Lang="Cym",C156,""))
B157: LOSSES IN COLLECTION | C157: COLLEDION WRTH GASGLU | D157: =IF(Lang="Eng",B157,IF(Lang="Cym",C157,"")) -> LOSSES IN COLLECTION
D158: =IF(Lang="Eng",B158,IF(Lang="Cym",C158,""))
...

Sheet Details
A1: Protect and hide before issue | M1: Query-for-NDR-form | O1: updated on: | P1: 45370
C2: DueDate | D2: ="27 May "&Year_Now -> 27 May 2026
D4: YearCode | G4: Authority Details
D5: =LEFT(year,4)+1&RIGHT(year,2)+1 -> 202627 | E5: =LEFT(year,2)&RIGHT(year,2) -> 2026 | L5: Addresses: | M5: UPDATED 21 March 2025
A6: year | B6: -> | C6: =LEFT(YearMain,4)&"-"&RIGHT(YearMain,2) -> 2025-26 | D6: =LEFT(year,4)&RIGHT(year,2) -> 202526 | E6: =LEFT(year,4) -> 2025 | G6: Index | H6: UACode | I6: UAName | L6: 1 | M6: 2 | N6: 3 | O6: 4 | P6: 5 | Q6: 6 | R6: 7 | S6: 8 | T6: 9 | U6: 10 | V6: 11 | W6: 12
C7: =LEFT(year,4)-1&"-"&RIGHT(year,2)-1 -> 2024-25 | D7: =LEFT(year,4)-1&RIGHT(year,2)-1 -> 202425 | E7: =LEFT(year,4)-1 -> 2024 | G7: 1 | H7: 0 | I7: =IF(FrontPage!$Q$8=2,$M35,$N35) -> Please select your authority | J7: Dewiswch eich awdurdod | L7: AuthCode | M7: Authority name | N7: CFO Name | O7: address 1 | P7: address 2 | Q7: address 3 | R7: address 4 | S7: Post Code | T7: NDRName | U7: NDRSTDCode | V7: NDRNumber | W7: NDREmail
C8: =LEFT(year,4)-2&"-"&RIGHT(year,2)-2 -> 2023-24 | D8: =LEFT(year,4)-2&""&RIGHT(year,2)-2 -> 202324 | G8: 2 | H8: 512 | I8: =IF(FrontPage!$Q$8=2,$M36,$N36) -> Cyngor Sir Ynys Môn | J8: Cyngor Sir Ynys Môn | L8: 512 | M8: Isle of Anglesey | N8: R Marc Jones | O8: Y Swyddfa Addysg | P8: Ffordd Glanhwfa | Q8: Llangefni | R8: Ynys Mon | S8: LL77 7EY | T8: Llinos Roberts & Meirion Jones | V8: 01248 752048 | W8: LlinosRoberts5@ynysmon.gov.uk; MeirionJones2@ynysmon.llyw.cymru
G9: 3 | H9: 514 | I9: =IF(FrontPage!$Q$8=2,$M37,$N37) -> Cyngor Gwynedd | J9: Cyngor Sir Gwynedd | L9: 514 | M9: Gwynedd | N9: Dewi Morgan | O9: Council Offices | P9: Shirehall Street | Q9: Caernarfon | R9: Gwynedd | S9: LL55 1SH | T9: Bleddyn Jones & Sioned Hughes | V9: 01286 682841 01286 682694 | W9: edwardbleddynjones@gwynedd.llyw.cymru; sionedannhughes@gwynedd.llyw.cymru
G10: 4 | H10: 516 | I10: =IF(FrontPage!$Q$8=2,$M38,$N38) -> Conwy County Borough Council | J10: Cyngor Bwrdeistref Sirol Conwy | L10: 516 | M10: Conwy | N10: Amanda Hughes | O10: Bodlondeb | Q10: Conwy | S10: LL32 8DU | T10: Susan Plumb & Alyson Miliziano & Jessica Simmons | V10: 01492 576447 & 01492 576444 & 01492 576237 | W10: susan.plumb@conwy.gov.uk; alyson.miliziano@conwy.gov.uk; Jessica.simmons@conwy.gov.uk
G11: 5 | H11: 518 | I11: =IF(FrontPage!$Q$8=2,$M39,$N39) -> Denbighshire County Council | J11: Cyngor Sir Ddinbych | L11: 518 | N11: Liz Thomas | O11: Council Offices | P11: Wynnstay Rd | Q11: Ruthin | R11: Denbighshire | S11: LL15 1YN | T11: Paul Barnes & Leah Gray | V11: 01824 712660 & 01824 706459 | W11: paul.barnes@denbighshire.gov.uk; leah.gray@denbighshire.gov.uk
G12: 6 | H12: 520 | I12: =IF(FrontPage!$Q$8=2,$M40,$N40) -> Flintshire County Council | J12: Cyngor Sir y Fflint | L12: 520 | M12: Flintshire | N12: Gary Ferguson | O12: County Hall | Q12: Mold | R12: Flintshire | S12: CH7 6NB | T12: Vicki Hankin & David Barnes | V12: 01352 704833 | W12: vicki.j.hankin@flintshire.gov.uk; david.barnes@flintshire.gov.uk
G13: 7 | H13: 522 | I13: =IF(FrontPage!$Q$8=2,$M41,$N41) -> Wrexham County Borough Council | J13: Cyngor Bwrdeistref Sirol Wrecsam | L13: 522 | M13: Wrexham | N13: Richard Weigh | O13: The Guildhall | Q13: Wrexham | S13: LL11 1AY | T13: Lisa Case & Andrew Bolton | V13: 01978 292803 | W13: andrew.bolton@wrexham.gov.uk; lisa.case@wrexham.gov.uk
G14: 8 | H14: 524 | I14: =IF(FrontPage!$Q$8=2,$M42,$N42) -> Powys County Council | J14: Cyngor Sir Powys | L14: 524 | M14: Powys | N14: Jane Thomas | O14: County Hall | Q14: Llandrindod Wells | S14: LD1 5LG | T14: Andrew Griffiths | V14: 01597 827463 | W14: andrew.griffiths@powys.gov.uk
G15: 9 | H15: 526 | I15: =IF(FrontPage!$Q$8=2,$M43,$N43) -> Ceredigion County Council | J15: Cyngor Sir Ceredigion | L15: 526 | M15: Ceredigion | N15: Duncan Hall | O15: Neuadd Cyngor Ceredigion | P15: Penmorfa | Q15: Aberaeron | R15: Ceredigion | S15: SA46 0PA | T15: Zubair Rashid & Ann Ireland | V15: 01970 633300 01970 633187 | W15: Zubair.Rashid@ceredigion.gov.uk; Ann.Ireland@ceredigion.gov.uk
G16: 10 | H16: 528 | I16: =IF(FrontPage!$Q$8=2,$M44,$N44) -> Pembrokeshire County Council | J16: Cyngor Sir Penfro | L16: 528 | M16: Pembrokeshire | N16: Jonathan Haswell | O16: County Hall | Q16: Haverfordwest | S16: SA61 1TP | T16: Heidi Morrison | V16: 01437 764551 | W16: heidi.morrison@pembrokeshire.gov.uk
G17: 11 | H17: 530 | I17: =IF(FrontPage!$Q$8=2,$M45,$N45) -> Carmarthenshire County Council | J17: Cyngor Sir Gaerfyrddin | L17: 530 | M17: Carmarthenshire | N17: Chris Moore | O17: County Hall | Q17: Carmarthen | S17: SA31 1JP | T17: Ann Thomas & Steffan Thomas | V17: 01554 742126 | W17: AnThomas@Carmarthenshire.gov.uk; SWThomas@carmarthenshire.gov.uk
G18: 12 | H18: 532 | I18: =IF(FrontPage!$Q$8=2,$M46,$N46) -> City and County of Swansea | J18: Cyngor Sir a Dinas Abertawe | L18: 532 | M18: Swansea | N18: Ben Smith | O18: Civic Centre | P18: Oystermouth Road | Q18: Swansea | S18: SA1 3SN | T18: Heather Young & Paula Lewis | V18: 01792 635872 | W18: heather.young@swansea.gov.uk; paula.lewis@swansea.gov.uk
G19: 13 | H19: 534 | I19: =IF(FrontPage!$Q$8=2,$M47,$N47) -> Neath Port Talbot County Borough Council | J19: Cyngor Bwrdeistref Sirol Castell-nedd Port Talbot | L19: 534 | M19: Neath Port Talbot | N19: Huw Jones | O19: Civic Centre | Q19: Port Talbot | S19: SA13 1PJ | T19: Huw Jones & Ann Hinder | V19: 01639 763634 | W19: h.jones@npt.gov.uk; a.hinder@npt.gov.uk
G20: 14 | H20: 536 | I20: =IF(FrontPage!$Q$8=2,$M48,$N48) -> Bridgend County Borough Council | J20: Cyngor Bwrdeistref Sirol Pen-y-bont ar Ogwr | L20: 536 | M20: Bridgend | N20: Carys Lord | O20: Civic Offices | P20: Angel Street | Q20: Bridgend | S20: CF31 4WB | T20: Helen Rodgers | V20: 01656 643194 | W20: helen.rodgers@bridgend.gov.uk; ctaxen@bridgend.gov.uk
G21: 15 | H21: 538 | I21: =IF(FrontPage!$Q$8=2,$M49,$N49) -> The Vale of Glamorgan Council | J21: Cyngor Bwrdeistref Sirol Bro Morgannwg | L21: 538 | M21: Vale of Glamorgan | N21: Matt Bowmer | O21: Civic Offices | P21: Holton Road | Q21: Barry | R21: Vale of Glamorgan | S21: CF63 4RU | T21: Suzanne Jones & Andrew Saunders | V21: 01446 729556 | W21: spjones@valeofglamorgan.gov.uk; nndr@valeofglamorgan.gov.uk; ajsaunders@valeofglamorgan.gov.uk
G22: 16 | H22: 540 | I22: =IF(FrontPage!$Q$8=2,$M50,$N50) -> Rhondda, Cynon, Taff C.B.C. | J22: Cyngor Bwrdeistref Sirol Rhondda Cynon Taf | L22: 540 | M22: Rhondda Cynon Taf | N22: Barrie J Davies | O22: The Pavilions | P22: Cambrian Park | Q22: Clydach Vale | R22: Tonypandy | S22: CF40 2XX | T22: Matthew Phillips | V22: 07471 140733 | W22: matthew.d.phillips@rhondda-cynon-taff.gov.uk
G23: 17 | H23: 542 | I23: =IF(FrontPage!$Q$8=2,$M51,$N51) -> Merthyr Tydfil County Borough Council | J23: Cyngor Bwrdeistref Sirol Merthyr Tudful | L23: 542 | M23: Merthyr Tydfil | N23: Craig Flynn | O23: Civic Centre | P23: Castle Street | Q23: Merthyr Tydfil | S23: CF47 8AN | T23: Mark Price & Matthew Harrison | V23: 01685 725073 | W23: mark.price@merthyr.gov.uk; matthew.harrison@merthyr.gov.uk
G24: 18 | H24: 544 | I24: =IF(FrontPage!$Q$8=2,$M52,$N52) -> Caerphilly County Borough Council | J24: Cyngor Bwrdeistref Sirol Caerffili | L24: 544 | M24: Caerphilly | N24: Leanne Sykes | O24: Penalta House | P24: Tredomen Park | Q24: Ystrad Mynach | R24: Hengoed | S24: CF82 7EP | T24: Glenn Edwards | V24: 01443 863421 | W24: EDWARG1@CAERPHILLY.GOV.UK
G25: 19 | H25: 545 | I25: =IF(FrontPage!$Q$8=2,$M53,$N53) -> Blaenau Gwent County Borough Council | J25: Cyngor Bwrdeistref Sirol Blaenau Gwent | L25: 545 | M25: Blaenau Gwent | N25: Rhian Hayden | O25: Municipal Offices | P25: Civic Centre | Q25: Ebbw Vale | S25: NP23 6XB | T25: Stephanie Powell & Melanie Payne | V25: 01495 355219 | W25: stephanie.powell@blaenau-gwent.gov.uk; Melanie.payne@blaenau-gwent.gov.uk
G26: 20 | H26: 546 | I26: =IF(FrontPage!$Q$8=2,$M54,$N54) -> Torfaen County Borough Council | J26: Cyngor Bwrdeistref Sirol Torfaen | L26: 546 | M26: Torfaen | N26: Andrew Lovegrove | O26: Civic Centre | Q26: Pontypool | S26: NP4 6YB | T26: Sharon Lear & Mark Ransom & Meredydd Owen | V26: 01495 742359 & 01495 742364 | W26: sharon.lear@torfaen.gov.uk; mark.ransom@torfaen.gov.uk; meredydd.owen@torfaen.gov.uk
G27: 21 | H27: 548 | I27: =IF(FrontPage!$Q$8=2,$M55,$N55) -> Monmouthshire County Council | J27: Cyngor Sir Fynwy | L27: 548 | M27: Monmouthshire | N27: Peter Davies | O27: County Hall | P27: Rhadyr | Q27: Usk | R27: Monmouthshire | S27: NP15 1GA | T27: Ruth Donovan & Mark Ransom & Meredydd Owen | V27: 01633 644592 & 01495 742359 & 01495 742364 | W27: ruthdonovan@monmouthshire.gov.uk; mark.ransom@torfaen.gov.uk; meredydd.owen@torfaen.gov.uk
G28: 22 | H28: 550 | I28: =IF(FrontPage!$Q$8=2,$M56,$N56) -> Newport City Council | J28: Cyngor Dinas Casnewydd | L28: 550 | M28: Newport | N28: Meirion Rushworth | O28: Civic Centre | P28: Godfrey Road | Q28: Newport | S28: NP20 4UR | T28: Dominic Lewis | V28: 01633 987723 | W28: dominic.lewis@newport.gov.uk
G29: 23 | H29: 552 | I29: =IF(FrontPage!$Q$8=2,$M57,$N57) -> Cardiff County Council | J29: Cyngor Caerdydd | L29: 552 | M29: Cardiff | N29: Christopher Lee | O29: County Hall | P29: Atlantic Wharf | Q29: Cardiff | S29: CF10 4UW | T29: Sally Ormiston, John Bellett & Kelvin Jeffreys | V29: 02920 872290 & 02920 271491 | W29: sormiston@cardiff.gov.uk; JBellett@cardiff.gov.uk; K.Jeffreys@cardiff.gov.uk
H31: =VLOOKUP(FrontPage!Q6,G7:I29,2,FALSE) -> 0
B35: YEAR | D35: WALES | M35: Please select your authority | N35: Dewisiwch eich awdurdod
M36: Cyngor Sir Ynys Môn | N36: Ynys Môn
A37: =LEFT(B37,4)&RIGHT(B37,2) -> 199091 | B37: 1990-91 | D37: 36.8 | E37: =D37/100 -> 0.368 | M37: Cyngor Gwynedd | N37: Gwynedd
A38: =LEFT(B38,4)&RIGHT(B38,2) -> 199192 | B38: 1991-92 | D38: 40.8 | E38: =D38/100 -> 0.408 | M38: Conwy County Borough Council | N38: Conwy
A39: =LEFT(B39,4)&RIGHT(B39,2) -> 199293 | B39: 1992-93 | D39: 42.5 | E39: =D39/100 -> 0.425 | M39: Denbighshire County Council | N39: Sir Ddinbych
A40: =LEFT(B40,4)&RIGHT(B40,2) -> 199394 | B40: 1993-94 | D40: 44 | E40: =D40/100 -> 0.44 | M40: Flintshire County Council | N40: Sir y Fflint
A41: =LEFT(B41,4)&RIGHT(B41,2) -> 199495 | B41: 1994-95 | D41: 44.8 | E41: =D41/100 -> 0.448 | M41: Wrexham County Borough Council | N41: Wrecsam
A42: =LEFT(B42,4)&RIGHT(B42,2) -> 199596 | B42: 1995-96 | D42: 39 | E42: =D42/100 -> 0.39 | M42: Powys County Council | N42: Powys
A43: =LEFT(B43,4)&RIGHT(B43,2) -> 199697 | B43: 1996-97 | D43: 40.5 | E43: =D43/100 -> 0.405 | M43: Ceredigion County Council | N43: Ceredigion
A44: =LEFT(B44,4)&RIGHT(B44,2) -> 199798 | B44: 1997-98 | D44: 41.4 | E44: =D44/100 -> 0.414 | M44: Pembrokeshire County Council | N44: Sir Benfro
A45: =LEFT(B45,4)&RIGHT(B45,2) -> 199899 | B45: 1998-99 | D45: 42.9 | E45: =D45/100 -> 0.429 | M45: Carmarthenshire County Council | N45: Sir Gaerfyrddin
A46: =LEFT(B46,4)&RIGHT(B46,2) -> 199900 | B46: 1999-00 | D46: 44.3 | E46: =D46/100 -> 0.443 | M46: City and County of Swansea | N46: Abertawe
A47: =LEFT(B47,4)&RIGHT(B47,2) -> 200001 | B47: 2000-01 | D47: 41.2 | E47: =D47/100 -> 0.412 | M47: Neath Port Talbot County Borough Council | N47: Castell-nedd Port Talbot
A48: =LEFT(B48,4)&RIGHT(B48,2) -> 200102 | B48: 2001-02 | D48: 42.6 | E48: =D48/100 -> 0.426 | M48: Bridgend County Borough Council | N48: Pen-y-bont ar Ogwr
... A57: =LEFT(B57,4)&RIGHT(B57,2) -> 201011 | B57: 2010-11 | D57: 40.9 | E57: =D57/100 -> 0.409 | M57: Cardiff County Council | N57: Caerdydd
A58: =LEFT(B58,4)&RIGHT(B58,2) -> 201112 | B58: 2011-12 | D58: 42.8 | E58: =D58/100 -> 0.428
A59: =LEFT(B59,4)&RIGHT(B59,2) -> 201213 | B59: 2012-13 | D59: 45.2 | E59: =D59/100 -> 0.452
A60: =LEFT(B60,4)&RIGHT(B60,2) -> 201314 | B60: 2013-14 | D60: 46.4 | E60: =D60/100 -> 0.464
A61: =LEFT(B61,4)&RIGHT(B61,2) -> 201415 | B61: 2014-15 | D61: 47.3 | E61: =D61/100 -> 0.473
A62: =LEFT(B62,4)&RIGHT(B62,2) -> 201516 | B62: 2015-16 | D62: 48.2 | E62: =D62/100 -> 0.482
A63: 201617 | B63: 2016-17 | D63: 48.6 | E63: =D63/100 -> 0.486
A64: =LEFT(B64,4)&RIGHT(B64,2) -> 201718 | B64: 2017-18 | D64: 49.9 | E64: =D64/100 -> 0.499
A65: =LEFT(B65,4)&RIGHT(B65,2) -> 201819 | B65: 2018-19 | D65: 51.4 | E65: =D65/100 -> 0.514
A66: =LEFT(B66,4)&RIGHT(B66,2) -> 201920 | B66: 2019-20 | D66: 52.6 | E66: =D66/100 -> 0.526
A67: =LEFT(B67,4)&RIGHT(B67,2) -> 202021 | B67: 2020-21 | D67: 53.5 | E67: =D67/100 -> 0.535
A68: =LEFT(B68,4)&RIGHT(B68,2) -> 202122 | B68: 2021-22 | D68: 53.5 | E68: =D68/100 -> 0.535
A69: =LEFT(B69,4)&RIGHT(B69,2) -> 202223 | B69: 2022-23 | D69: 53.5 | E69: =D69/100 -> 0.535
A70: =LEFT(B70,4)&RIGHT(B70,2) -> 202324 | B70: 2023-24 | D70: 53.5 | E70: =D70/100 -> 0.535
A71: =LEFT(B71,4)&RIGHT(B71,2) -> 202425 | B71: 2024-25 | D71: 56.2 | E71: =D71/100 -> 0.562
A72: =LEFT(B72,4)&RIGHT(B72,2) -> 202526 | B72: 2025-26 | D72: 56.8 | E72: =D72/1000 -> 0.0568
A73: =LEFT(B73,4)&RIGHT(B73,2) -> 202627 | B73: 2026-27 | D73: XXX | E73: =D73/100 -> #VALUE!
A74: =LEFT(B74,4)&RIGHT(B74,2) -> 202728 | B74: 2027-28 | D74: XXX | E74: =D74/100 -> #VALUE!
A75: =LEFT(B75,4)&RIGHT(B75,2) -> 202829 | B75: 2028-29 | D75: XXX | E75: =D75/100 -> #VALUE!
A76: =LEFT(B76,4)&RIGHT(B76,2) -> 202930 | B76: 2029-30 | D76: XXX | E76: =D76/100 -> #VALUE!
A77: =LEFT(B77,4)&RIGHT(B77,2) -> 203031 | B77: 2030-31 | D77: XXX | E77: =D77/100 -> #VALUE!
A78: =LEFT(B78,4)&RIGHT(B78,2) -> 203132 | B78: 2031-32 | D78: XXX | E78: =D78/100 -> #VALUE!
A79: =LEFT(B79,4)&RIGHT(B79,2) -> 203233 | B79: 2032-33 | D79: XXX | E79: =D79/100 -> #VALUE!
A80: =LEFT(B80,4)&RIGHT(B80,2)
A81: =LEFT(B81,4)&RIGHT(B81,2)
A82: =LEFT(B82,4)&RIGHT(B82,2)
A83: =LEFT(B83,4)&RIGHT(B83,2)
A84: =LEFT(B84,4)&RIGHT(B84,2)
A85: =LEFT(B85,4)&RIGHT(B85,2)
A86: =LEFT(B86,4)&RIGHT(B86,2)
A87: =LEFT(B87,4)&RIGHT(B87,2)
A88: =LEFT(B88,4)&RIGHT(B88,2)
A89: =LEFT(B89,4)&RIGHT(B89,2)
A90: =LEFT(B90,4)&RIGHT(B90,2)
A91: =LEFT(B91,4)&RIGHT(B91,2)
A92: =LEFT(B92,4)&RIGHT(B92,2)

Sheet Data
A1: Protect and hide before issue
A2: qryUnion_All_Data_USED_FOR_NDR3_POPULATION
D3: YearCode | E3: FormRef | F3: RowRef
D4: =Details!D7 -> 202425 | E4: NNDR3A' | F4: $14
A5: SQL | D5: =Details!D6 -> 202526 | E5: NNDR1'
D6: =Details!D5 -> 202627 | E6: NNDR1' | F6: $2
A7: Expr1 | B7: Data | D7: =Details!D5 -> 202627 | E7: NNDR2'
A8: 202425NNDR15121 | B8: 3868
A9: 202425NNDR15141 | B9: 9568
A10: 202425NNDR15161 | B10: 6043
A11: 202425NNDR15181 | B11: 4430
A12: 202425NNDR15201 | B12: 5688
A13: 202425NNDR15221 | B13: 4412
A14: 202425NNDR15241 | B14: 7714
A15: 202425NNDR15261 | B15: 4406
A16: 202425NNDR15281 | B16: 8142
A17: 202425NNDR15301 | B17: 7818
A18: 202425NNDR15321 | B18: 8392
A19: 202425NNDR15341 | B19: 4509
... A3549: 202627NNDR1596450 | B3549: 1035422414

Sheet Transfer
A1: Protect and hide before issue | H1: =IF($H$6=1,"NNDR3UnA","NNDR3A") -> NNDR3UnA | M1: =IF(Lang="Eng",A11,IF(Lang="Cym",B11,"")) -> 202526 | Q1: E | R1: W
Q2: NDR3 unaudited | R2: NDR3 heb ei archwilio
A3: YearCode | B3: FormRef | C3: AuthCode | D3: RowRef | E3: ColumnRef | F3: Data | O3: 1 | P3: A | Q3: NDR3 audited | R3: NDR3 wedi ei archwilio
A4: 202526 | B4: =$H$1 -> NNDR3UnA | C4: =UANumber -> 0 | D4: 1 | E4: 1 | F4: =VLOOKUP($D4,_NDR3,13,FALSE) -> 0 | H4: =IF(Lang="Eng",Q2,IF(Lang="Cym",R2,"")) -> NDR3 unaudited | M4: 0.00503 | N4: =+F4*M4 -> 0 | O4: 2 | P4: B
A5: 202526 | B5: =$H$1 -> NNDR3UnA | C5: =UANumber -> 0 | D5: 2 | E5: 1 | F5: =VLOOKUP($D5,_NDR3,13,FALSE) -> 0 | H5: =IF(Lang="Eng",Q3,IF(Lang="Cym",R3,"")) -> NDR3 audited | M5: 0.4358 | N5: =+F5*M5 -> 0 | O5: 3 | P5: C
A6: 202526 | B6: =$H$1 -> NNDR3UnA | C6: =UANumber -> 0 | D6: 3.1 | E6: 1 | F6: =VLOOKUP($D6,_NDR3,13,FALSE) -> 0 | H6: 1 | M6: 0.91448 | N6: =+F6*M6 -> 0 | O6: 4 | P6: D
A7: 202526 | B7: =$H$1 -> NNDR3UnA | C7: =UANumber -> 0 | D7: 4.1 | E7: 1 | F7: =VLOOKUP($D7,_NDR3,13,FALSE) -> 0 | M7: 0.90026 | N7: =+F7*M7 -> 0 | O7: 5 | P7: E
A8: 202526 | B8: =$H$1 -> NNDR3UnA | C8: =UANumber -> 0 | D8: 5 | E8: 1 | F8: =VLOOKUP($D8,_NDR3,13,FALSE) -> 0 | I8: ='NDR3'!T9 -> 0 | L8: ='NDR3'!W9 -> 0 | M8: 0.7171 | N8: =+F8*M8 -> 0 | O8: 6 | P8: F
A9: 202526 | B9: =$H$1 -> NNDR3UnA | C9: =UANumber -> 0 | D9: 6 | E9: 1 | F9: =VLOOKUP($D9,_NDR3,13,FALSE) -> 0 | M9: 0.89215 | N9: =+F9*M9 -> 0 | O9: 7 | P9: G
A10: 202526 | B10: =$H$1 -> NNDR3UnA | C10: =UANumber -> 0 | D10: 6.5 | E10: 1 | F10: =VLOOKUP($D10,_NDR3,13,FALSE) -> 0 | M10: 0.11462 | N10: =+F10*M10 -> 0 | O10: 8 | P10: H
A11: 202526 | B11: =$H$1 -> NNDR3UnA | C11: =UANumber -> 0 | D11: 6.6 | E11: 1 | F11: =VLOOKUP($D11,_NDR3,13,FALSE) -> 0 | M11: 0.55797 | N11: =+F11*M11 -> 0 | O11: 9 | P11: I
A12: 202526 | B12: =$H$1 -> NNDR3UnA | C12: =UANumber -> 0 | D12: 7.1 | E12: 1 | F12: =VLOOKUP($D12,_NDR3,13,FALSE) -> 0 | M12: 0.06549 | N12: =+F12*M12 -> 0 | O12: 10 | P12: J
A13: 202526 | B13: =$H$1 -> NNDR3UnA | C13: =UANumber -> 0 | D13: 7.2 | E13: 1 | F13: =VLOOKUP($D13,_NDR3,13,FALSE) -> 0 | M13: 0.42699 | N13: =+F13*M13 -> 0 | O13: 11 | P13: K
A14: 202526 | B14: =$H$1 -> NNDR3UnA | C14: =UANumber -> 0 | D14: 7.3 | E14: 1 | F14: =VLOOKUP($D14,_NDR3,13,FALSE) -> 0 | M14: 0.44879 | N14: =+F14*M14 -> 0 | O14: 12 | P14: L
A15: 202526 | B15: =$H$1 -> NNDR3UnA | C15: =UANumber -> 0 | D15: 7.4 | E15: 1 | F15: =VLOOKUP($D15,_NDR3,13,FALSE) -> 0 | M15: 0.24045 | N15: =+F15*M15 -> 0 | O15: 13 | P15: M
A16: 202526 | B16: =$H$1 -> NNDR3UnA | C16: =UANumber -> 0 | D16: 8 | E16: 1 | F16: =VLOOKUP($D16,_NDR3,13,FALSE) -> 0 | M16: 0.42998 | N16: =+F16*M16 -> 0 | O16: 14 | P16: N
A17: 202526 | B17: =$H$1 -> NNDR3UnA | C17: =UANumber -> 0 | D17: 8.6 | E17: 1 | F17: =VLOOKUP($D17,_NDR3,13,FALSE) -> 0 | M17: 0.87517 | N17: =+F17*M17 -> 0 | O17: 15 | P17: O
A18: 202526 | B18: =$H$1 -> NNDR3UnA | C18: =UANumber -> 0 | D18: 8.7 | E18: 1 | F18: =VLOOKUP($D18,_NDR3,13,FALSE) -> 0 | M18: 0.55192 | N18: =+F18*M18 -> 0 | O18: 16 | P18: P
A19: 202526 | B19: =$H$1 -> NNDR3UnA | C19: =UANumber -> 0 | D19: 8.8 | E19: 1 | F19: =VLOOKUP($D19,_NDR3,13,FALSE) -> 0 | M19: 0.51603 | N19: =+F19*M19 -> 0 | O19: 17 | P19: Q
A20: 202526 | B20: =$H$1 -> NNDR3UnA | C20: =UANumber -> 0 | D20: 9 | E20: 1 | F20: =VLOOKUP($D20,_NDR3,13,FALSE) -> 0 | M20: 0.38324 | N20: =+F20*M20 -> 0 | O20: 18 | P20: R
... A35: 202526 | B35: =$H$1 -> NNDR3UnA | C35: =UANumber -> 0 | D35: 22 | E35: 1 | F35: =VLOOKUP($D35,_NDR3,13,FALSE) -> 0 | M35: 0.9911 | N35: =+F35*M35 -> 0 | O35: 33 | P35: AH
A36: 202526 | B36: =$H$1 -> NNDR3UnA | C36: =UANumber -> 0 | D36: 23 | E36: 1 | F36: =VLOOKUP($D36,_NDR3,13,FALSE) -> 0 | J36: 1 | M36: 0.2254 | N36: =+F36*M36 -> 0 | O36: 34 | P36: AI
A37: 202526 | B37: =$H$1 -> NNDR3UnA | C37: =UANumber -> 0 | D37: 24 | E37: 1 | F37: =VLOOKUP($D37,_NDR3,13,FALSE) -> 0 | M37: 0.3621 | N37: =+F37*M37 -> 0 | O37: 35 | P37: AJ
A38: 202526 | B38: =$H$1 -> NNDR3UnA | C38: =UANumber -> 0 | D38: 25 | E38: 1 | F38: =VLOOKUP($D38,_NDR3,13,FALSE) -> 0 | M38: 0.4988 | N38: =+F38*M38 -> 0 | O38: 36 | P38: AK
A39: 202526 | B39: =$H$1 -> NNDR3UnA | C39: =UANumber -> 0 | D39: 26 | E39: 1 | F39: =VLOOKUP($D39,_NDR3,13,FALSE) -> 0 | J39: 2 | M39: 0.5051844 | N39: =+F39*M39 -> 0 | O39: 37 | P39: AL
A40: 202526 | B40: =$H$1 -> NNDR3UnA | C40: =UANumber -> 0 | D40: 27 | E40: 1 | F40: =VLOOKUP($D40,_NDR3,13,FALSE) -> 0 | M40: 0.5316066 | N40: =+F40*M40 -> 0 | O40: 38 | P40: AM
A41: 202526 | B41: =$H$1 -> NNDR3UnA | C41: =UANumber -> 0 | D41: 40 | E41: 1 | F41: =VLOOKUP($D41,_NDR3,13,FALSE) -> 0 | M41: =SUM(N4:N40) -> 0 | O41: 39 | P41: AN
A42: 202526 | B42: =$H$1 -> NNDR3UnA | C42: =UANumber -> 0 | D42: 41 | E42: 1 | F42: =VLOOKUP($D42,_NDR3,13,FALSE) -> 0 | M42: =ABS(FIXED((M41*10000000),0,1)) -> 0 | O42: 40 | P42: AO
A43: 202526 | B43: =$H$1 -> NNDR3UnA | C43: =UANumber -> 0 | D43: 42 | E43: 1 | F43: =VLOOKUP($D43,_NDR3,13,FALSE) -> 0 | M43: =VALUE(LEFT(M$42,2)) -> 0 | O43: 41 | P43: AP
A44: 202526 | B44: =$H$1 -> NNDR3UnA | C44: =UANumber -> 0 | D44: 43 | E44: 1 | F44: =VLOOKUP($D44,_NDR3,13,FALSE) -> 0 | M44: =VALUE(RIGHT(LEFT(M$42,4),2)) -> 0 | O44: 42 | P44: AQ
M45: =VALUE(RIGHT(LEFT(M$42,6),2)) -> 0 | O45: 43 | P45: AR
M46: =VALUE(RIGHT(LEFT(M$42,8),2)) -> 0 | O46: 44 | P46: AS
M47: =VALUE(RIGHT(LEFT(M$42,10),2)) -> 0 | O47: 45 | P47: AT
M48: =VALUE(RIGHT(LEFT(M$42,12),2)) -> 0 | O48: 46 | P48: AU
M49: =VALUE(RIGHT(LEFT(M$42,14),2)) -> 0 | O49: 47 | P49: AV
O50: 48 | P50: AW
M51: =VLOOKUP(M43,letter,2,FALSE)&VLOOKUP(M44,letter,2,FALSE)&VLOOKUP(M45,letter,2,FALSE)&VLOOKUP(M46,letter,2,FALSE)&VLOOKUP(M47,letter,2,FALSE)&VLOOKUP(M48,letter,2,FALSE)&VLOOKUP(M49,letter,2,FALSE) -> ZZZZZZZZZZZZZZ | O51: 49 | P51: AX
O52: 50 | P52: AY
O53: 51 | P53: AZ
O54: 52 | P54: BA
O55: 53 | P55: BB
O56: 54 | P56: BC
O57: 55 | P57: BD
O58: 56 | P58: BE
O59: 57 | P59: BF
O60: 58 | P60: BG
O61: 59 | P61: BH
O62: 60 | P62: BI
O63: 61 | P63: BJ
... O102: 0 | P102: ZZ

Sheet Survey Response Burden
C2: =+FrontPage!C2 -> Non-domestic rates final contributions return 2025-26 | D2: =FrontPage!L2 -> NDR3UnA
C4: =+Language!D100 -> Survey Response Burden
C5: =+Language!D94 -> The Welsh Government are monitoring the burden of completing this data collection form.
C6: =+Language!D96 -> Please enter the time it has taken you (and any colleagues) to prepare and send the return.
C7: =+Language!D101 -> Please only include time spent on activities to prepare and send this return, such as:
C8: ="▪ "&Language!D102 -> ▪ collection, analysis and aggregation of records and data required;
C9: ="▪ "&+Language!D103 -> ▪ completing, checking, amending and approving the form.
C11: =+Language!D95 -> Hours taken
C13: =+Language!D93 -> Please feel free to add any comments

Sheet Comments
C2: =+FrontPage!C2&" "&FrontPage!L2 -> Non-domestic rates final contributions return 2025-26 NDR3UnA
C3: =+FrontPage!C13
C4: =Language!D105 -> We are continually striving to improve the form to make it easier to complete, whilst still ensuring data integrity and consistency across all authorities. If you have any comments or suggestions that may be useful, please note them below:
C5: =Language!D106 -> Form Design
C8: =Language!D107 -> Validation
C11: =Language!D108 -> Documentation
C14: =Language!D109 -> General comments
